Workbook
Name _________aiu2: [1]AIU!$J$105
Name ________aiu2: [1]AIU!$J$105
Name _______aiu2: [1]AIU!$J$105
Name ______aiu2: [1]AIU!$J$105
Name _____aiu2: [2]AIU!$J$105
Name _____aiu2: [2]AIU!$J$105
Name _____Vol1: [3]Item!$A$1:$D$65536
Name _____Vol1: [3]Item!$A$1:$D$65536
Name ____aiu2: [2]AIU!$J$105
Name ____aiu2: [2]AIU!$J$105
Name ____Vol1: [3]Item!$A$1:$D$65536
Name ____Vol1: [3]Item!$A$1:$D$65536
Name ___aiu2: [2]AIU!$J$105
Name ___aiu2: [2]AIU!$J$105
Name ___Vol1: [3]Item!$A$1:$D$65536
Name ___Vol1: [3]Item!$A$1:$D$65536
Name __aiu2: [2]AIU!$J$105
Name __aiu2: [2]AIU!$J$105
Name __Vol1: [3]Item!$A$1:$D$65536
Name __Vol1: [3]Item!$A$1:$D$65536
Name _aiu2: [2]AIU!$J$105
Name _aiu2: [2]AIU!$J$105
Name _ETR13: #REF!
Name _ETR13: #REF!
Name _ETR13: #REF!
Name _ETR13: #REF!
Name _ETR13: #REF!
Name _ETR13: #REF!
Name _ETR13: #REF!
Name _ORO13: #REF!
Name _ORO13: #REF!
Name _ORO13: #REF!
Name _ORO13: #REF!
Name _ORO13: #REF!
Name _ORO13: #REF!
Name _ORO13: #REF!
Name _ORO14: #REF!
Name _ORO14: #REF!
Name _ORO14: #REF!
Name _ORO14: #REF!
Name _ORO14: #REF!
Name _ORO14: #REF!
Name _ORO15: #REF!
Name _ORO15: #REF!
Name _ORO15: #REF!
Name _ORO15: #REF!
Name _ORO15: #REF!
Name _ORO15: #REF!
Name _ORO16: #REF!
Name _ORO16: #REF!
Name _ORO16: #REF!
Name _ORO16: #REF!
Name _ORO16: #REF!
Name _ORO17: #REF!
Name _ORO17: #REF!
Name _ORO17: #REF!
Name _ORO17: #REF!
Name _ORO17: #REF!
Name _ORO18: #REF!
Name _ORO18: #REF!

Sheet RESUMEN PPTO
A2: ALCALDÍA LOCAL DE BOSA | B2: ALCALDÍA LOCAL DE BOSA
B3: ÁREA DE GESTIÓN DE DESARROLLO LOCAL DE BOSA
B4: OFICINA DE INFRAESTRUCTURA DEL FDLBOSA
A6: OBJETO DE LA LICITACIÓN: | B6: CONTRATAR LA ELABORACIÓN DE LOS ESTUDIOS, DISEÑOS Y DEMÁS TRÁMITES DE APROBACIÓN A MONTO FIJO Y LAS OBRAS DE CONSTRUCCIÓN BAJO EL SISTEMA DE PRECIOS UNITARIOS FIJOS DE UN PARQUE EN LA LOCALIDAD DE BOSA
A8: CONTRATO No. | B8: -
A9: MODALIDAD DE PROYECTO | B9: CONTRATO DE OBRA PÚBLICA
A10: FECHA: | B10: =TODAY() -> 46141
E11: 881599000
A12: ACTIVIDADES | B12: MESES | C12: MONTOS | E12: =C13+C17+C18+C19+C20 -> 4.8845681e+08 | H12: m
A13: ESTUDIOS - DISEÑOS Y ETAPA PRELIMINAR | B13: 3 | C13: =+'E&D'!P38 -> 2.0050835e+08 | E13: =E11-E12 -> 3.9314219e+08
A14: COSTO DIRECTO EJECUCIÓN DE OBRAS | B14: 4 | C14: 4.19398e+08
A15: TOTAL PROYECTO | B15: 7 | C15: =C13+C14 -> 6.1990636e+08
A17: AIU OBRA | B17: 0.3418 | C17: =C14*B17 -> 1.4335024e+08
A18: PGA Y SST (Incl. AIU) | B18: 0.16686046 | C18: =C14*B18 -> 69980944
A19: PGS (Incl. AIU) | B19: 0.15118554 | C19: =C14*B19 -> 63406913
A20: PMT (Incl. AIU) | B20: 0.02716838 | C20: 11210361
A22: COSTO TOTAL DEL PROYECTO | C22: =+C15+C17+C18+C19+C20 -> 9.0785481e+08

Sheet APU IDRD
A1: APUS
A2: Código | B2: Descripcion | C2: Unidad | D2: Valor Unitario
A3: 2 | B3: ABRAZADERA 1" DELGADA DE CREMALLERA(A=9-10MM) | C3: UN | D3: 0
A4: 3 | B4: ABRAZADERA 1/2" DELGADA DE CREMALLERA | C4: UN | D4: 0
A5: 4 | B5: ALAMBRE DE PUA Cal. 12½ | C5: ML | D5: 808
A6: 5 | B6: ALAMBRE GALVANIZADO Cal. 10 | C6: KG | D6: 0
A7: 6 | B7: ALAMBRE GALVANIZADO Cal. 16 | C7: KG | D7: 7517
A8: 7 | B8: ALAMBRE GALVANIZADO Cal. 14 | C8: KG | D8: 4549
A9: 9 | B9: ALAMBRE NEGRO Cal. 18 | C9: KG | D9: 6582
A10: 10 | B10: ANGULO ¼" x 2" | C10: ML | D10: 26114
A11: 11 | B11: ANGULO 1/8" x 3/4" | C11: ML | D11: 3691
A12: 12 | B12: CABLE ALMA ACERO 3/8" | C12: ML | D12: 0
A13: 13 | B13: CABLE ALMA FIBRA 3/8" | C13: ML | D13: 0
A14: 14 | B14: CANAL "U" DE 4" LIVIANO | C14: UN | D14: 0
... A482: 572 | B482: JABONERA ASTRO DUCHA CRNA | C482: UN | D482: 0
B483: ACELERANTE PARA MORTEROS SIKA-3 5 KLG | C483: KG | D483: 0
B484: LAVAMANOS PEDEST.VERONA CORONA | C484: UN | D484: 0
A485: 578 | B485: HIERRO A-40 Liso/Rect 1" ML | C485: ML | D485: 0
A486: 580 | B486: VIDRIO PLANO 225x100-120-130-140 -160 4mm FAVIDRIO | C486: M2 | D486: 0
A487: 581 | B487: CEMENTO GRIS (APUS) | C487: KG | D487: 725
A488: 582 | B488: LAVAMANOS VERONA Peds CRNA | C488: UN | D488: 0
A489: 583 | B489: LAVAMANOS VICTORIANA/ MAZARA Sobreponerp | C489: UN | D489: 0
A490: 584 | B490: LAVAMANOS VICTORIANA Sbrp CRNA | C490: UN | D490: 0
A491: 585 | B491: LAVAMANOS MAZARA Peds CRNA | C491: UN | D491: 0
A492: 586 | B492: LAVAMANOS STILO 4-8" Sbrp CRNA | C492: UN | D492: 0
A493: 587 | B493: LAVAMANOS 4-8" Pedestal | C493: UN | D493: 137578
A494: 588 | B494: LAVAMANOS MAXIMO 4-8" Sbrp CRNA | C494: UN | D494: 0
A495: 589 | B495: LAVAMANOS MARSELLA 4-8" Peds CRNA | C495: UN | D495: 0
A496: 590 | B496: LADRILLO ME REJILLA SUPER 16X12X6 fab | C496: UN | D496: 0
... A14075: 300003 | B14075: Caja de inspección de alumbrado público AP280 CDRC Cometas | C14075: UN | D14075: 433006
A14076: 002390_1 | B14076: CINTURON DE SEGURIDAD FAJA ANGOSTA | C14076: UN | D14076: 42200.01
A14077: 0101596-1 | B14077: Totalizador industrial 3x20/30/40A CDRC Cometas | C14077: UN | D14077: 131892
A14078: 0103535-1 | B14078: BREAKER INDUSTRIAL 100/125/150 A CDRC Cometas | C14078: UN | D14078: 298600
A14079: 01264-1 | B14079: Damper motorizado con actuador on-off (6"x6") Cefe Cometas-Suministro e instalación | C14079: UN | D14079: 832000
A14080: 102231_1 | B14080: EQUIPO REACTOR XP2 GRACO (POLIURETANO) | C14080: DD | D14080: 157100
A14081: 1307a | B14081: PESOS DE PORTERÍA DE FÚTBOL PLAYA PROFESIONAL | C14081: BTO | D14081: 1199888

Sheet INSUMOS IDRD
A1: LISTADO DE INSUMOS INSTITUTO DISTRITAL DE RECREACIÓN Y DEPORTE
A2: Código | B2: Descripcion | C2: Unidad | D2: Precio
A3: 2 | B3: ABRAZADERA 1" DELGADA DE CREMALLERA(A=9-10MM) | C3: UN | D3: 0
A4: 3 | B4: ABRAZADERA 1/2" DELGADA DE CREMALLERA | C4: UN | D4: 0
A5: 4 | B5: ALAMBRE DE PUA Cal. 12½ | C5: ML | D5: 808
A6: 5 | B6: ALAMBRE GALVANIZADO Cal. 10 | C6: KG | D6: 0
A7: 6 | B7: ALAMBRE GALVANIZADO Cal. 16 | C7: KG | D7: 7517
A8: 7 | B8: ALAMBRE GALVANIZADO Cal. 14 | C8: KG | D8: 4549
A9: 9 | B9: ALAMBRE NEGRO Cal. 18 | C9: KG | D9: 6582
A10: 10 | B10: ANGULO ¼" x 2" | C10: ML | D10: 26114
A11: 11 | B11: ANGULO 1/8" x 3/4" | C11: ML | D11: 3691
A12: 12 | B12: CABLE ALMA ACERO 3/8" | C12: ML | D12: 0
A13: 13 | B13: CABLE ALMA FIBRA 3/8" | C13: ML | D13: 0
A14: 14 | B14: CANAL "U" DE 4" LIVIANO | C14: UN | D14: 0
... A482: 572 | B482: JABONERA ASTRO DUCHA CRNA | C482: UN | D482: 0
B483: ACELERANTE PARA MORTEROS SIKA-3 5 KLG | C483: KG | D483: 0
B484: LAVAMANOS PEDEST.VERONA CORONA | C484: UN | D484: 0
A485: 578 | B485: HIERRO A-40 Liso/Rect 1" ML | C485: ML | D485: 0
A486: 580 | B486: VIDRIO PLANO 225x100-120-130-140 -160 4mm FAVIDRIO | C486: M2 | D486: 0
A487: 581 | B487: CEMENTO GRIS (APUS) | C487: KG | D487: 725
A488: 582 | B488: LAVAMANOS VERONA Peds CRNA | C488: UN | D488: 0
A489: 583 | B489: LAVAMANOS VICTORIANA/ MAZARA Sobreponerp | C489: UN | D489: 0
A490: 584 | B490: LAVAMANOS VICTORIANA Sbrp CRNA | C490: UN | D490: 0
A491: 585 | B491: LAVAMANOS MAZARA Peds CRNA | C491: UN | D491: 0
A492: 586 | B492: LAVAMANOS STILO 4-8" Sbrp CRNA | C492: UN | D492: 0
A493: 587 | B493: LAVAMANOS 4-8" Pedestal | C493: UN | D493: 137578
A494: 588 | B494: LAVAMANOS MAXIMO 4-8" Sbrp CRNA | C494: UN | D494: 0
A495: 589 | B495: LAVAMANOS MARSELLA 4-8" Peds CRNA | C495: UN | D495: 0
A496: 590 | B496: LADRILLO ME REJILLA SUPER 16X12X6 fab | C496: UN | D496: 0
... A14075: 300003 | B14075: Caja de inspección de alumbrado público AP280 CDRC Cometas | C14075: UN | D14075: 433006
A14076: 002390_1 | B14076: CINTURON DE SEGURIDAD FAJA ANGOSTA | C14076: UN | D14076: 42200.01
A14077: 0101596-1 | B14077: Totalizador industrial 3x20/30/40A CDRC Cometas | C14077: UN | D14077: 131892
A14078: 0103535-1 | B14078: BREAKER INDUSTRIAL 100/125/150 A CDRC Cometas | C14078: UN | D14078: 298600
A14079: 01264-1 | B14079: Damper motorizado con actuador on-off (6"x6") Cefe Cometas-Suministro e instalación | C14079: UN | D14079: 832000
A14080: 102231_1 | B14080: EQUIPO REACTOR XP2 GRACO (POLIURETANO) | C14080: DD | D14080: 157100
A14081: 1307a | B14081: PESOS DE PORTERÍA DE FÚTBOL PLAYA PROFESIONAL | C14081: BTO | D14081: 1199888

Sheet INSUMOS IDU 
A1: Código | B1: Nombre | C1: UM | D1: Precio | E1: Fecha de Actualización
A2: 322 | B2: CONCRETO GRAVA COMÚN 2000 PSI 14 MPa (140 Kg/m2) | C2: M3 | D2: 536920 | E2: Actualización 2025-I Fase I
A3: 323 | B3: CONCRETO GRAVA COMÚN 2500 PSI 17 MPa (175 Kg/cm2) | C3: M3 | D3: 575187 | E3: Actualización 2025-I Fase I
A4: 324 | B4: CONCRETO GRAVA COMÚN 3000 PSI 21 MPa (210 Kg/cm2) | C4: M3 | D4: 573851 | E4: Actualización 2025-I Fase I
A5: 325 | B5: CONCRETO GRAVA COMÚN 3500 PSI 24 MPa (245 Kg/cm2) | C5: M3 | D5: 589499 | E5: Actualización 2025-I Fase I
A6: 326 | B6: CONCRETO GRAVA COMÚN 4000 PSI 28 MPa (280 Kg/cm2) | C6: M3 | D6: 610583 | E6: Actualización 2025-I Fase I
A7: 328 | B7: CONCRETO GRAVA COMÚN 5000 PSI 34 MPa (350 Kg/cm2) | C7: M3 | D7: 637049 | E7: Actualización 2025-I Fase I
A8: 333 | B8: CONCRETO GRAVA FINA 3000 PSI 21 MPa (210 Kg/cm2) | C8: M3 | D8: 586995 | E8: Actualización 2025-I Fase I
A9: 366 | B9: MORTERO 2000 PSI 14 MPa (140 Kg/cm2) | C9: M3 | D9: 623456 | E9: Actualización 2025-I Fase I
A10: 1505 | B10: COMPACTADOR DE LLANTAS - MASA SIN LASTRES DE 9 A 11 TONELADAS - INCLUYE OPERARIO Y COMBUSTIBLE | C10: HR | D10: 189970 | E10: Actualización 2025-I Fase I
A11: 1512 | B11: GRAMA | C11: M2 | D11: 18794 | E11: Actualización 2025-I Fase II + M.O. Ley 2101 de 2021
A12: 1515 | B12: FORMALETA METÁLICA SARDINEL | C12: ML/DI | D12: 1131 | E12: Actualización 2025-I Fase I
A13: 1794 | B13: ALAMBRE RECOCIDO No.18 | C13: KG | D13: 5501 | E13: Actualización 2025-I Fase I
... A2794: 13520 | B2794: JUNTA DE DILATACIÓN ELASTOMERICA MOVIMIENTO 330 mm (+/- 165 mm) | C2794: ML | D2794: 7613744 | E2794: Actualización 2024-I Fase II + MO 2025

Sheet F.M

Sheet ITEMS OBRA
C2: Código CIO | D2: ITEMS DE CONSTRUCCIÓN | E2: UNIDAD DE MEDIDA | F2: VALOR UNITARIO ACTUALIZADO | G2: CANTIDAD | H2: SUBTOTALES
D4: PRELIMINARES
D5: PRELIMINARES | H5: =SUM(H6:H8) -> 45529
C6: 746 | D6: LOCALIZACION Y REPLANTEO CON EQUIPO | E6: M2 | F6: 4639.76 | G6: 1 | H6: =ROUND(F6*G6,0) -> 4640
C7: 11319 | D7: Descapote mecanico y retiro,Incl. MdeO.e=0.20m | E7: M2 | F7: 22397.79 | G7: 1 | H7: =ROUND(F7*G7,0) -> 22398
C8: 12444 | D8: Cerramiento lona h=1.00 mt(Exc) ** | E8: ML | F8: 18490.96 | G8: 1 | H8: =ROUND(F8*G8,0) -> 18491
D9: DESMONTES Y RETIROS | H9: =SUM(H10:H12) -> 314707
C10: 10240 | D10: Desmonte y retiro juegos infantiles(Máx.10eventos) | E10: JGO | F10: 128604.58 | G10: 1 | H10: =ROUND(F10*G10,0) -> 128605
C11: 10882 | D11: Desmonte Banca Exist.(demol. de bases y retiro) | E11: UN | F11: 156633.74 | G11: 1 | H11: =ROUND(F11*G11,0) -> 156634
C12: 10918 | D12: Desmonte baranda M-80 sin viga con retiro. | E12: ML | F12: 29467.94 | G12: 1 | H12: =ROUND(F12*G12,0) -> 29468
D13: EXCAVACIONES Y RELLENOS
D14: EXCAVACIONES CON RETIRO | H14: =SUM(H15:H16) -> 107325
C15: 10380 | D15: Excavación mecanic+retiro(250m3/dia)V-6m3-S.Blando | E15: M3 | F15: 95111.19 | G15: 1 | H15: =ROUND(F15*G15,0) -> 95111
C16: 10608 | D16: Vale Excavación RCD- Tierra (Vj:15m3) | E16: M3 | F16: 12214.01 | G16: 1 | H16: =ROUND(F16*G16,0) -> 12214
D17: NIVELACIÓN Y CONFORMACIÓN DEL TERRENO | H17: =SUM(H18) -> 1637
C18: 12506 | D18: Compactación fondo de excavación con equipos livianos | E18: M2 | F18: 1637.36 | G18: 1 | H18: =ROUND(F18*G18,0) -> 1637
D19: RELLENOS | H19: =SUM(H20:H21) -> 407958
C20: 10724 | D20: Relleno compactado Base granular tipo IDRD | E20: M3 | F20: 214797.41 | G20: 1 | H20: =ROUND(F20*G20,0) -> 214797
C21: 12501 | D21: Relleno compactado Subbase granular tipo IDRD | E21: M3 | F21: 193161.19 | G21: 1 | H21: =ROUND(F21*G21,0) -> 193161
D22: ESTRUCTURA
D23: COLUMNAS, VIGAS, PLACAS Y SUPER-ESTRUCTURA | H23: =SUM(H24) -> 107729
C24: 10685 | D24: Placa contrapiso 0.10 m 2500 psi reforzado | E24: M2 | F24: 107729.38 | G24: 1 | H24: =ROUND(F24*G24,0) -> 107729
D25: REDES HIDRÁULICAS
D26: REDES Y CONDUCCIÓN | H26: =SUM(H27:H35) -> 5996618
C27: 10030 | D27: Tuberia Novafort d=160mm Exca y relleno recebo | E27: ML | F27: 146316.2 | G27: 1 | H27: =ROUND(F27*G27,0) -> 146316
C28: 10726 | D28: Tuberia Novafort d=315mm Exca y relleno recebo | E28: ML | F28: 259501.96 | G28: 1 | H28: =ROUND(F28*G28,0) -> 259502
C29: 13441 | D29: Filtro frances40*40 Excav+geoNT-1600+tubo 100mm ** | E29: ML | F29: 120854.36 | G29: 1 | H29: =ROUND(F29*G29,0) -> 120854
C30: 11702 | D30: Tuberia PVC.S d=4" Excav y relleno recebo ** | E30: ML | F30: 135988.58 | G30: 1 | H30: =ROUND(F30*G30,0) -> 135989
C31: 11915 | D31: Tuberia PVC.S d=6"+Accesorios ** | E31: ML | F31: 65558.59 | G31: 1 | H31: =ROUND(F31*G31,0) -> 65559
C32: 10258 | D32: Pozo en mamposteria h=2.20 m sin excavación | E32: UND | F32: 2729172.2 | G32: 1 | H32: =ROUND(F32*G32,0) -> 2729172
C33: 14517 | D33: CAJA INSPECCION(.60x.60x.60) ESPEC-IDRD | E33: UND | F33: 619023.71 | G33: 1 | H33: =ROUND(F33*G33,0) -> 619024
C34: 10982 | D34: Tub-Nova d=250mm Exca y relle.zona verde | E34: ML | F34: 206649.11 | G34: 1 | H34: =ROUND(F34*G34,0) -> 206649
C35: 15286 | D35: Caja de Inspección 120x120x120+Exca(ESPECIFIC-IDRD | E35: ML | F35: 1713553.3 | G35: 1 | H35: =ROUND(F35*G35,0) -> 1713553
D36: CAÑUELAS Y CANALES | H36: =SUM(H37:H37) -> 139889
C37: 10352 | D37: Cañuela T-C prefabricada (A-120) (canal) | E37: ML | F37: 139888.55 | G37: 1 | H37: =ROUND(F37*G37,0) -> 139889
D38: REDES ELÉCTRICAS
D39: REDES DE MEDIA Y BAJA TENSIÓN | H39: =SUM(H40:H47) -> 4736138
C40: 15315 | D40: Canaliz ducto electric PVC- D2X3" Zona Verde | E40: ML | F40: 177052.56 | G40: 1 | H40: =ROUND(F40*G40,0) -> 177053
C41: 10563 | D41: Caja electrica de inspección AP 274 Codensa ** | E41: UND | F41: 421612.6 | G41: 1 | H41: =ROUND(F41*G41,0) -> 421613
C42: 10162 | D42: Caja electrica Muro Doble CS275 Codensa | E42: UND | F42: 3627258.8 | G42: 1 | H42: =ROUND(F42*G42,0) -> 3627259
C43: 15300 | D43: Cable 3Nº4 AWG (Sum+Instal) Aluminio | E43: ML | F43: 19735.03 | G43: 1 | H43: =ROUND(F43*G43,0) -> 19735
C44: 15671 | D44: Acometida BT en Aluminio 3#4 +1#4 | E44: ML | F44: 23099.03 | G44: 1 | H44: =ROUND(F44*G44,0) -> 23099
C45: 13618 | D45: Sum + Inst de tubería galvanizada CONDUIT 2¨ | E45: ML | F45: 74593.84 | G45: 1 | H45: =ROUND(F45*G45,0) -> 74594
C46: 11873 | D46: Barraje BT preformado 500 A 6x1/2 para caja CS | E46: UND | F46: 380023.05 | G46: 1 | H46: =ROUND(F46*G46,0) -> 380023
C47: 14507 | D47: Acometida 2#12 + 1#12T | E47: ML | F47: 12762.29 | G47: 1 | H47: =ROUND(F47*G47,0) -> 12762
D48: ILUMINACIÓN | H48: =SUM(H49:H51) -> 2697148
C49: 11763 | D49: Poste concretoAP10 m510 Kg+Base Conc (Sum+Instal) | E49: UND | F49: 2056672 | G49: 1 | H49: =ROUND(F49*G49,0) -> 2056672
C50: 14122 | D50: Empalme en Derivación (91B1) Juego x 2 unidades | E50: JGO | F50: 263370.35 | G50: 1 | H50: =ROUND(F50*G50,0) -> 263370
C51: 15697 | D51: SUM.MONT E INST. BRAZO LUMINARIA | E51: UND | F51: 377105.86 | G51: 1 | H51: =ROUND(F51*G51,0) -> 377106
D52: SISTEMAS DE PUESTA A TIERRA | H52: =SUM(H53) -> 2335538
C53: 15350 | D53: SISTEMA DE PUESTA A TIERRA VARILLA 5/8" X 2,4 m | E53: UND | F53: 2335537.8 | G53: 1 | H53: =ROUND(F53*G53,0) -> 2335538
D54: PISOS, ENCHAPES Y CARPINTERIA METALICA
D55: PISOS | H55: =SUM(H56:H61) -> 1955520
C56: 16669 | D56: Piso Caucho recicl 8cm (EPDM 1cm+SBR 7cm sum+inst) | E56: M2 | F56: 576394 | G56: 1 | H56: =ROUND(F56*G56,0) -> 576394
C57: 16675 | D57: Piso Caucho recicl 3cm (EPDM 1cm+SBR 2cm sum+inst) | E57: M2 | F57: 313538 | G57: 1 | H57: =ROUND(F57*G57,0) -> 313538
C58: 16676 | D58: Piso Caucho recicl 4cm (EPDM 1cm+SBR 3cm sum+inst | E58: M2 | F58: 315128.01 | G58: 1 | H58: =ROUND(F58*G58,0) -> 315128
C59: 16668 | D59: Piso Caucho recicl 7cm (EPDM 1cm+SBR 6cm sum+inst) | E59: M2 | F59: 483632.01 | G59: 1 | H59: =ROUND(F59*G59,0) -> 483632
C60: 17849 | D60: PISO-CONCRETO F'C 21 MPA E: 0.05 M. PIGMENT-OCRE | E60: M2 | F60: 119532.82 | G60: 1 | H60: =ROUND(F60*G60,0) -> 119533
C61: 11704 | D61: Placa contrapiso 0.07m 2500 psi Premez sin refuerz | E61: M2 | F61: 147295.06 | G61: 1 | H61: =ROUND(F61*G61,0) -> 147295
D62: IMPERMEABILIZACIONES Y AISLAMIENTOS
D63: AISLAMIENTOS | H63: =SUM(H64:H65) -> 24003
C64: 10115 | D64: Imprimacion asfaltica con emulsion CRL-1 | E64: M2 | F64: 12839.98 | G64: 1 | H64: =ROUND(F64*G64,0) -> 12840
C65: 10415 | D65: Geotextil geoST300 y/o T2100 (Sum+Inst)** | E65: M2 | F65: 11162.65 | G65: 1 | H65: =ROUND(F65*G65,0) -> 11163
D66: PINTURA
D67: PINTURA EXTERIORES | H67: =SUM(H68:H68) -> 64583
C68: 12541 | D68: Recubrimiento sintetico Acrilico campos deportivos | E68: M2 | F68: 64583 | G68: 1 | H68: =ROUND(F68*G68,0) -> 64583
D69: EXTERIORES
D70: EMPRADIZACIÓN Y ARBORIZACIÓN | H70: =SUM(H71:H77) -> 11165472
C71: 10444 | D71: Contened.Raices arboles (1.30x1.50 int) h=1.57m | E71: UND | F71: 3447650.6 | G71: 1 | H71: =ROUND(F71*G71,0) -> 3447651
C72: 10289 | D72: Empradizacion zonas verdes a recuperar taludes | E72: M2 | F72: 47310.12 | G72: 1 | H72: =ROUND(F72*G72,0) -> 47310
C73: 11308 | D73: Trasplante y bloqueo de arboles de 3 m a 5 m | E73: UND | F73: 1996266.4 | G73: 1 | H73: =ROUND(F73*G73,0) -> 1996266
C74: 10443 | D74: Contened.Raices arboles (1.30x1.30 int) h=1.57m | E74: UND | F74: 3121374.3 | G74: 1 | H74: =ROUND(F74*G74,0) -> 3121374
C75: 18283 | D75: Arbol Ligustro/Ligustrum Lucidum | E75: UND | F75: 263969.62 | G75: 1 | H75: =ROUND(F75*G75,0) -> 263970
C76: 11308 | D76: Trasplante y bloqueo de arboles de 3 m a 5 m | E76: UND | F76: 1996266.4 | G76: 1 | H76: =ROUND(F76*G76,0) -> 1996266
C77: 11236 | D77: Arbol Falso Pimiento (Siemb+Caja+Tier. Ab+Tutor) | E77: UND | F77: 292635.22 | G77: 1 | H77: 292635.22
D78: SENDEROS Y ANDENES EN CONCRETO | H78: =SUM(H79:H82) -> 877795
C79: 12045 | D79: AdoquínConcret e=0.08 p>10%4.2-2 medio geot.T-1700 | E79: M2 | F79: 312476.74 | G79: 1 | H79: =ROUND(F79*G79,0) -> 312477
C80: 12026 | D80: Andenconcreto e=0.07 4.2-2medio+ geotext peatonal | E80: M2 | F80: 244306.65 | G80: 1 | H80: =ROUND(F80*G80,0) -> 244307
C81: 12032 | D81: Andenconcret e=0.07 5.3-2 medio+geotextil peatonal | E81: M2 | F81: 232051.39 | G81: 1 | H81: =ROUND(F81*G81,0) -> 232051
C82: 10436 | D82: Loseta 40x40IDU sobre are Suministro e instalación | E82: M2 | F82: 88960.29 | G82: 1 | H82: =ROUND(F82*G82,0) -> 88960
D83: SENDEROS Y ANDENES EN ADOQUÍN | H83: =SUM(H84:H85) -> 559717
C84: 14450 | D84: AdoquinColores e=0.06 p<5% 4.2-1blando+geot.T-2100 | E84: M2 | F84: 255298.92 | G84: 1 | H84: =ROUND(F84*G84,0) -> 255299
C85: 12007 | D85: AdoquinArcill e=0.06 p<5% 4.2-2 medio geot.T-1700 | E85: M2 | F85: 304418.46 | G85: 1 | H85: =ROUND(F85*G85,0) -> 304418
D86: ESCALERAS Y RAMPAS | H86: =SUM(H87:H87) -> 216075
C87: 10152 | D87: Rampa en concreto e=0.07 4.2-1blando+geotextil | E87: M2 | F87: 216074.7 | G87: 1 | H87: =ROUND(F87*G87,0) -> 216075
D88: CONFINAMIENTOS | H88: =SUM(H89:H92) -> 387686
C89: 12066 | D89: Bordillo en sitio 0.10*0.30 m 2500PSI Subbase IDRD | E89: ML | F89: 126240.46 | G89: 1 | H89: =ROUND(F89*G89,0) -> 126240
C90: 12065 | D90: Bordillo prefabricadoA-80(0.35x0.2x0.80m)ZV-conAtraque | E90: ML | F90: 132204.16 | G90: 1 | H90: =ROUND(F90*G90,0) -> 132204
C91: 12064 | D91: Sardinel prefab.A-10 a=0.20 h=0.50L=0.8 Sin atraque | E91: ML | F91: 118501.58 | G91: 1 | H91: =ROUND(F91*G91,0) -> 118502
C92: 10880 | D92: Geotextil Tejido T-1700** Sum + inst | E92: M2 | F92: 10739.58 | G92: 1 | H92: =ROUND(F92*G92,0) -> 10740
D93: MOBILIARIO
D94: MOBILIARIO URBANO | H94: =SUM(H95:H116) -> 263430936
C95: 14642 | D95: BARANDA CERRAMIENTOS M-83 (SUM + INST) | E95: ML | F95: 606865.78 | G95: 1 | H95: =ROUND(F95*G95,0) -> 606866
C96: 20821 | D96: BARANDA PASAMANOS M-80 CON PLATINA Y CHAZO (Sum + Inst) | E96: ML | F96: 345585.15 | G96: 1 | H96: =ROUND(F96*G96,0) -> 345585
C97: 14651 | D97: CANECAS ACERO INOXIDABLE (SUM + INST) | E97: UND | F97: 663231.51 | G97: 1 | H97: =ROUND(F97*G97,0) -> 663232
C98: 14670 | D98: EST. BALONCESTO ANTIBANDALICO (SUM + INST) | E98: JGO | F98: 6663520.6 | G98: 1 | H98: =ROUND(F98*G98,0) -> 6663521
C99: 14695 | D99: BOLARDO ALTO EN HIERRO M-63 (SUM + INST) | E99: UND | F99: 384063.46 | G99: 1 | H99: =ROUND(F99*G99,0) -> 384063
C100: 14771 | D100: MODULO BALANCÍN CINTURA (PENDULO) SUM+INST | E100: UND | F100: 4739869.1 | G100: 1 | H100: =ROUND(F100*G100,0) -> 4739869
C101: 16066 | D101: Modulo BancaAbd.CronchGimn.aire libre(Sumi+Instal) | E101: UND | F101: 3812433.8 | G101: 1 | H101: =ROUND(F101*G101,0) -> 3812434
C102: 16564 | D102: Modulo Bicicleta Recumbent-Carga Disposit. Moviles | E102: UND | F102: 10668297 | G102: 1 | H102: =ROUND(F102*G102,0) -> 10668297
...

Sheet E&D
B1: ALCALDÍA MAYOR DE BOGOTÁ D.C.
B2: ALCALDÍA LOCAL DE BOSA
B3: ÁREA DE GESTIÓN DE DESARROLLO LOCAL DE BOSA
B4: OFICINA DE INFRAESTRUCTURA DEL FDLB | O4: ALCALDÍA LOCAL DE BOSA
B5: ='RESUMEN PPTO'!A6 -> OBJETO DE LA LICITACIÓN: | E5: CONTRATAR LA ELABORACIÓN DE LOS ESTUDIOS, DISEÑOS Y DEMÁS TRÁMITES DE APROBACIÓN A MONTO FIJO Y LAS OBRAS DE CONSTRUCCIÓN BAJO EL SISTEMA DE PRECIOS UNITARIOS FIJOS DE UN PARQUE EN LA LOCALIDAD DE BOSA
B7: COSTO DIRECTO ESTIMADO DE OBRA (CD) | F7: $ 907.854.814 | O7: =TODAY() -> 46141
B8: TERMINO ESTIMADO DE EJECUCIÓN DE OBRAS | F8: 7 | G8: MESES | O8: ='RESUMEN PPTO'!B8 -> -
B10: A. ADMINISTRACIÓN
B11: 1. COSTOS MENSUALES DE PERSONAL
B12: COD IDU | C12: ÍTEM | D12: CARGO | F12: CANTIDAD A | G12: CATEGORÍA | H12: TOPE SALARIO (MES) B | I12: DEDICACIÓN ESTUDIOS Y DISEÑOS | N12: DEDICACIÓN TOTAL C | O12: FACTOR PRESTACIONAL D | P12: SALARIO + PRESTACIONES F=A*B*C*D
I13: MES 1 | J13: MES 2 | K13: MES 3 | L13: MES 7 | M13: MES 8
C14: 1.1 | D14: PERSONAL PROFESIONAL (Ingenieros y Otros)
B15: 9110 | C15: =C14+0.001 -> 1.101 | D15: DIRECTOR DE PROYECTO | F15: 1 | G15: 4 | H15: =VLOOKUP(B15,'INSUMOS IDU '!$A$2:$E$2794,4,FALSE) -> 9522000 | I15: 0.3 | J15: 0.3 | K15: 0.3 | L15: 0 | M15: 0 | N15: =SUM(I15:M15) -> 0.9 | O15: 2.14 | P15: =ROUND(F15*H15*N15*O15,0) -> 18339372
B16: 9111 | C16: =C15+0.001 -> 1.102 | D16: ARQUITECTO URBANISTA | F16: 1 | G16: 5 | H16: =VLOOKUP(B16,'INSUMOS IDU '!$A$2:$E$2794,4,FALSE) -> 8589000 | I16: 1 | J16: 1 | K16: 1 | L16: 0 | M16: 0 | N16: =SUM(I16:M16) -> 3 | O16: 2.14 | P16: =ROUND(F16*H16*N16*O16,0) -> 55141380
B17: 9113 | C17: =C16+0.001 -> 1.103 | D17: ESPECIALISTA GEOTECNISTA | F17: 1 | G17: 7 | H17: =VLOOKUP(B17,'INSUMOS IDU '!$A$2:$E$2794,4,FALSE) -> 5791000 | I17: 0.5 | J17: 0.5 | K17: 0.5 | L17: 0 | M17: 0 | N17: =SUM(I17:M17) -> 1.5 | O17: 2.14 | P17: =ROUND(F17*H17*N17*O17,0) -> 18589110
B18: 9113 | C18: =C17+0.001 -> 1.104 | D18: ESPECIALISTA HIDRAULICO | F18: 1 | G18: 7 | H18: =VLOOKUP(B18,'INSUMOS IDU '!$A$2:$E$2794,4,FALSE) -> 5791000 | I18: 0.2 | J18: 0.2 | K18: 0.2 | L18: 0 | M18: 0 | N18: =SUM(I18:M18) -> 0.6 | O18: 2.14 | P18: =ROUND(F18*H18*N18*O18,0) -> 7435644
B19: 9113 | C19: =C18+0.001 -> 1.105 | D19: ESPECIALISTA EN REDES SECAS | F19: 1 | G19: 7 | H19: =VLOOKUP(B19,'INSUMOS IDU '!$A$2:$E$2794,4,FALSE) -> 5791000 | I19: 0.2 | J19: 0.2 | K19: 0.2 | L19: 0 | M19: 0 | N19: =SUM(I19:M19) -> 0.6 | O19: 3.14 | P19: =ROUND(F19*H19*N19*O19,0) -> 10910244
B20: 9113 | C20: =C19+0.001 -> 1.106 | D20: ESPECIALISTA EN PRESUPUESTO Y PROGRAMACION | F20: 1 | G20: 7 | H20: =VLOOKUP(B20,'INSUMOS IDU '!$A$2:$E$2794,4,FALSE) -> 5791000 | I20: 0.5 | J20: 0.5 | K20: 0.5 | L20: 0 | M20: 0 | N20: =SUM(I20:M20) -> 1.5 | O20: 2.14 | P20: =ROUND(F20*H20*N20*O20,0) -> 18589110
C21: 1.2 | D21: PERSONAL TÉCNICO Y PERSONAL AUXILIAR
B22: 9086 | C22: =C21+0.001 -> 1.201 | D22: =VLOOKUP(B22,'INSUMOS IDU '!$A$2:$B$2794,2,FALSE) -> TARIFA MES - PERSONAL TÉCNICO - DIBUJANTE 1 (NO INCLUYE FACTOR DE PRESTACIONES) | F22: 1 | G22: N/A | H22: =VLOOKUP(B22,'INSUMOS IDU '!$A$2:$E$2794,4,FALSE) -> 3303000 | I22: 0.5 | J22: 0.5 | K22: 0.5 | L22: 0 | M22: 0 | N22: =SUM(I22:M22) -> 1.5 | O22: 2.14 | P22: =ROUND(F22*H22*N22*O22,0) -> 10602630
B23: 9088 | C23: =C22+0.001 -> 1.202 | D23: =VLOOKUP(B23,'INSUMOS IDU '!$A$2:$B$2794,2,FALSE) -> TARIFA MES - PERSONAL TÉCNICO - TOPÓGRAFO INSPECTOR (NO INCLUYE FACTOR DE PRESTACIONES) | F23: 1 | G23: N/A | H23: =VLOOKUP(B23,'INSUMOS IDU '!$A$2:$E$2794,4,FALSE) -> 3736000 | I23: 0.8 | J23: 0.2 | K23: 0.2 | L23: 0 | M23: 0 | N23: =SUM(I23:M23) -> 1.2 | O23: 2.14 | P23: =ROUND(F23*H23*N23*O23,0) -> 9594048
B24: 9098 | C24: =C23+0.001 -> 1.203 | D24: =VLOOKUP(B24,'INSUMOS IDU '!$A$2:$B$2794,2,FALSE) -> TARIFA MES - PERSONAL AUXILIAR TÉCNICO - CADENERO 1 (NO INCLUYE FACTOR DE PRESTACIONES) | F24: 1 | G24: N/A | H24: =VLOOKUP(B24,'INSUMOS IDU '!$A$2:$E$2794,4,FALSE) -> 2316000 | I24: 0.8 | J24: 0.2 | K24: 0.2 | L24: 0 | M24: 0 | N24: 2.4 | O24: 2.14 | P24: =ROUND(F24*H24*N24*O24,0) -> 11894976
C25: 1.3 | D25: PERSONAL ADMINISTRATIVO
B27: SUBTOTAL COSTOS MENSUALES DE PERSONAL | P27: =SUM(P15:P26) -> 161096514
B29: COD IDU | C29: 2 | D29: GASTOS OPERACIONALES MENSUALES | F29: CANT. | G29: AREA (M2) | H29: DEDICACIÓN | I29: MES 1 | J29: MES 2 | K29: MES 3 | L29: MES 4 | M29: MES 5 | N29: NUMERO DE MESES | O29: COSTO ($/M2.MES) | P29: VALOR ($)
B30: 9724 | C30: =C29+0.001 -> 2.001 | D30: =VLOOKUP(B30,'INSUMOS IDU '!$A$2:$B$2794,2,FALSE) -> PORTÁTILES - Procesador minimo: intel, Core i3 4005U, celeron o similar, Memoria RAM de 4 GB(2x2048 MB) Disco duro de 500gb a 7200 rpm Pantalla LED HP BrightView widescreen alta definición con 35,6 cm | F30: 2 | G30: 0 | H30: 2 | I30: 1 | J30: 1 | K30: 1 | L30: 0 | M30: 0 | N30: 3 | O30: =VLOOKUP(B30,'INSUMOS IDU '!$A$2:$D$2794,4,0) -> 124818 | P30: =H30*N30*O30 -> 748908
B31: 9576 | C31: =C30+0.001 -> 2.002 | D31: =VLOOKUP(B31,'INSUMOS IDU '!$A$2:$B$2794,2,FALSE) -> TARIFA MES - ARRIENDO OFICINA INCL. ADMINISTRACIÓN, SERVICIOS PÚBLICOS, COMUNICACIONES | F31: 1 | G31: 20 | H31: 1 | I31: 1 | J31: 1 | K31: 1 | L31: 0 | M31: 0 | N31: 3 | O31: =VLOOKUP(B31,'INSUMOS IDU '!$A$2:$D$2794,4,0) -> 55270 | P31: =G31*N31*O31 -> 3316200
B32: 9578 | C32: =C30+0.001 -> 2.002 | D32: =VLOOKUP(B32,'INSUMOS IDU '!$A$2:$B$2794,2,FALSE) -> TARIFA MES - GASTOS OFICINA (PAPELERIA, FOTOCOPIAS Y OTROS) | F32: 1 | G32: N/A | H32: 0.4 | I32: 1 | J32: 1 | K32: 1 | L32: 0 | M32: 0 | N32: 3 | O32: =VLOOKUP(B32,'INSUMOS IDU '!$A$2:$D$2794,4,0) -> 1260967 | P32: =H32*N32*O32 -> 1513160.4
B33: 9123 | C33: =C31+0.001 -> 2.003 | D33: =VLOOKUP(B33,'INSUMOS IDU '!$A$2:$B$2794,2,FALSE) -> TARIFA MES - PLOTTER | F33: 1 | G33: N/A | H33: 0.4 | I33: 0 | J33: 1 | K33: 1 | L33: 0 | M33: 0 | N33: 3 | O33: =VLOOKUP(B33,'INSUMOS IDU '!$A$2:$D$2794,4,0) -> 1516361 | P33: =H33*N33*O33 -> 1819633.2
B34: SUBTOTAL GASTOS OPERACIONALES MENSUALES | P34: =SUM(P30:P33) -> 7397901.6
B36: TOTAL COSTOS PERSONAL + GASTOS OPERACIONALES POR EL TÉRMINO DE EJECUCIÓN | P36: =(P27+P34) -> 1.6849442e+08
B37: IVA SOBRE LOS COSTOS DIRECTOS | P37: =P36*Q37 -> 32013939 | Q37: 0.19
B38: TOTAL COSTOS ESTUDIOS Y DISEÑOS | P38: =P36+P37 -> 2.0050835e+08

Sheet AIU OBRA
B1: ALCALDÍA MAYOR DE BOGOTÁ D.C.
B2: ALCALDÍA LOCAL DE BOSA
B3: ÁREA DE GESTIÓN DE DESARROLLO LOCAL DE BOSA
B4: OFICINA DE INFRAESTRUCTURA DEL FDLB | O4: ALCALDÍA LOCAL DE BOSA
B5: ='RESUMEN PPTO'!A6 -> OBJETO DE LA LICITACIÓN: | E5: CONTRATAR LA ELABORACIÓN DE LOS ESTUDIOS, DISEÑOS Y DEMÁS TRÁMITES DE APROBACIÓN A MONTO FIJO Y LAS OBRAS DE CONSTRUCCIÓN BAJO EL SISTEMA DE PRECIOS UNITARIOS FIJOS DE UN PARQUE EN LA LOCALIDAD DE BOSA
B7: COSTO ESTIMADO PROYECTO | F7: 907854815 | O7: =TODAY() -> 46141
B8: TERMINO ESTIMADO DE EJECUCIÓN DE OBRAS | F8: 4 | G8: MESES | O8: ='RESUMEN PPTO'!B8 -> -
B10: A. ADMINISTRACIÓN
B11: 1. COSTOS MENSUALES DE PERSONAL
B12: COD IDU | C12: ÍTEM | D12: CARGO | F12: CANTIDAD A | G12: CATEGORÍA | H12: TOPE SALARIO (MES) B | I12: DEDICACIÓN ETAPA EJECUCIÓN OBRA | N12: DEDICACIÓN TOTAL C | O12: FACTOR PRESTACIONAL D | P12: SALARIO + PRESTACIONES F=A*B*C*D
I13: MES 4 | J13: MES 5 | K13: MES 6 | L13: MES 7 | M13: MES 8
C14: 1.1 | D14: PERSONAL PROFESIONAL (Ingenieros y Otros)
B15: 9110 | C15: =C14+0.001 -> 1.101 | D15: DIRECTOR DE PROYECTO | F15: 1 | G15: 4 | H15: =VLOOKUP(B15,'INSUMOS IDU '!$A$2:$E$2794,4,FALSE) -> 9522000 | I15: 0.3 | J15: 0.3 | K15: 0.3 | L15: 0.3 | M15: 0 | N15: =SUM(I15:M15) -> 1.2 | O15: 2.14 | P15: =ROUND(F15*H15*N15*O15,0) -> 24452496
B16: 9113 | C16: =C15+0.001 -> 1.102 | D16: RESIDENTE DE OBRA | F16: 1 | G16: 6 | H16: =VLOOKUP(B16,'INSUMOS IDU '!$A$2:$E$2794,4,FALSE) -> 5791000 | I16: 1 | J16: 1 | K16: 1 | L16: 1 | M16: 0 | N16: =SUM(I16:M16) -> 4 | O16: 2.14 | P16: =ROUND(F16*H16*N16*O16,0) -> 49570960
B17: 9113 | C17: =C16+0.001 -> 1.103 | D17: ESPECIALISTA URBANISTA | F17: 1 | G17: 7 | H17: =VLOOKUP(B17,'INSUMOS IDU '!$A$2:$E$2794,4,FALSE) -> 5791000 | I17: 0.5 | J17: 0.5 | K17: 0.5 | L17: 0.5 | M17: 0 | N17: =SUM(I17:M17) -> 2 | O17: 2.14 | P17: =ROUND(F17*H17*N17*O17,0) -> 24785480
B18: 9113 | C18: =C17+0.001 -> 1.104 | D18: ESPECIALISTA REDES SECAS | F18: 1 | G18: 7 | H18: =VLOOKUP(B18,'INSUMOS IDU '!$A$2:$E$2794,4,FALSE) -> 5791000 | I18: 0.2 | J18: 0.2 | K18: 0.2 | L18: 0.2 | M18: 0 | N18: =SUM(I18:M18) -> 0.8 | O18: 2.14 | P18: =ROUND(F18*H18*N18*O18,0) -> 9914192
B19: 9113 | C19: =C15+0.001 -> 1.102 | D19: ESPECIALISTA HIDRAULICO | F19: 1 | G19: 7 | H19: =VLOOKUP(B19,'INSUMOS IDU '!$A$2:$E$2794,4,FALSE) -> 5791000 | I19: 0.2 | J19: 0.2 | K19: 0.2 | L19: 0.2 | M19: 0 | N19: =SUM(I19:M19) -> 0.8 | O19: 2.14 | P19: =ROUND(F19*H19*N19*O19,0) -> 9914192
C20: 1.2 | D20: PERSONAL TÉCNICO Y PERSONAL AUXILIAR
B21: 9085 | C21: =C20+0.001 -> 1.201 | D21: =VLOOKUP(B21,'INSUMOS IDU '!$A$2:$B$2794,2,FALSE) -> TARIFA MES - PERSONAL TÉCNICO - AUXILIAR DE INGENIERÍA (NO INCLUYE FACTOR DE PRESTACIONES) | F21: 1 | G21: N/A | H21: =VLOOKUP(B21,'INSUMOS IDU '!$A$2:$E$2794,4,FALSE) -> 3150000 | I21: 0.5 | J21: 0.5 | K21: 0.5 | L21: 0.5 | M21: 0 | N21: =SUM(I21:M21) -> 2 | O21: 2.14 | P21: =ROUND(F21*H21*N21*O21,0) -> 13482000
B22: 9088 | C22: =C21+0.001 -> 1.202 | D22: =VLOOKUP(B22,'INSUMOS IDU '!$A$2:$B$2794,2,FALSE) -> TARIFA MES - PERSONAL TÉCNICO - TOPÓGRAFO INSPECTOR (NO INCLUYE FACTOR DE PRESTACIONES) | F22: 1 | G22: N/A | H22: =VLOOKUP(B22,'INSUMOS IDU '!$A$2:$E$2794,4,FALSE) -> 3736000 | I22: 0.2 | J22: 0.2 | K22: 0.2 | L22: 0.2 | M22: 0 | N22: =SUM(I22:M22) -> 0.8 | O22: 2.14 | P22: =ROUND(F22*H22*N22*O22,0) -> 6396032
B23: 9098 | C23: =C22+0.001 -> 1.203 | D23: =VLOOKUP(B23,'INSUMOS IDU '!$A$2:$B$2794,2,FALSE) -> TARIFA MES - PERSONAL AUXILIAR TÉCNICO - CADENERO 1 (NO INCLUYE FACTOR DE PRESTACIONES) | F23: 1 | G23: N/A | H23: =VLOOKUP(B23,'INSUMOS IDU '!$A$2:$E$2794,4,FALSE) -> 2316000 | I23: 0.2 | J23: 0.2 | K23: 0.2 | L23: 0.2 | M23: 0 | N23: =SUM(I23:M23) -> 0.8 | O23: 2.14 | P23: =ROUND(F23*H23*N23*O23,0) -> 3964992
C24: 1.3 | D24: PERSONAL ADMINISTRATIVO
B26: SUBTOTAL COSTOS MENSUALES DE PERSONAL | P26: =SUM(P15:P25) -> 142480344
B28: COD IDU | C28: 2 | D28: GASTOS OPERACIONALES MENSUALES | F28: CANT. | G28: AREA (M2) | H28: DEDICACIÓN | I28: DEDICACIÓN X ÁREA (M2) | J28: MES 2 | K28: MES 3 | L28: MES 4 | M28: MES 5 | N28: NUMERO DE MESES | O28: COSTO ($/M2.MES) | P28: VALOR ($)
B29: 9577 | C29: =C28+0.001 -> 2.001 | D29: =VLOOKUP(B29,'INSUMOS IDU '!$A$2:$B$2794,2,FALSE) -> TARIFA MES - ALQUILER CAMPAMENTOS INCL. SERVICIOS PÚBLICOS PROVISIONALES | F29: 2 | G29: 20 | H29: 2 | I29: =G29*H29*F29 -> 80 | J29: 1 | K29: 1 | L29: 1 | M29: 0 | N29: 8 | O29: =VLOOKUP(B29,'INSUMOS IDU '!$A$2:$D$2794,4,0) -> 25982 | P29: =I29*N29*O29 -> 16628480
B30: 9576 | C30: =C29+0.001 -> 2.002 | D30: =VLOOKUP(B30,'INSUMOS IDU '!$A$2:$B$2794,2,FALSE) -> TARIFA MES - ARRIENDO OFICINA INCL. ADMINISTRACIÓN, SERVICIOS PÚBLICOS, COMUNICACIONES | F30: 1 | G30: 20 | H30: 1 | I30: =G30*H30*F30 -> 20 | J30: 1 | K30: 1 | L30: 1 | M30: 0 | N30: 8 | O30: =VLOOKUP(B30,'INSUMOS IDU '!$A$2:$D$2794,4,0) -> 55270 | P30: =I30*N30*O30 -> 8843200
B31: 9578 | C31: =C30+0.001 -> 2.003 | D31: =VLOOKUP(B31,'INSUMOS IDU '!$A$2:$B$2794,2,FALSE) -> TARIFA MES - GASTOS OFICINA (PAPELERIA, FOTOCOPIAS Y OTROS) | F31: 1 | G31: N/A | H31: 0.4 | I31: N/A | J31: 1 | K31: 1 | L31: 1 | M31: 0 | N31: 8 | O31: =VLOOKUP(B31,'INSUMOS IDU '!$A$2:$D$2794,4,0) -> 1260967 | P31: =H31*N31*O31 -> 4035094.4
B32: SUBTOTAL GASTOS OPERACIONALES MENSUALES | P32: =SUM(P29:P31) -> 29506774
B34: TOTAL COSTOS PERSONAL + GASTOS OPERACIONALES POR EL TÉRMINO DE EJECUCIÓN | P34: =(P26+P32) -> 1.7198712e+08
B35: TOTAL COSTOS PERSONAL + GASTOS OPERACIONALES POR EL TÉRMINO DE EJECUCIÓN EN PORCENTAJE DEL COSTO DIRECTO | P35: =+P34/F7 -> 0.18944342
B38: 3. IMPUESTOS Y GARANTÍAS
B39: 4.1 | C39: IMPUESTOS
B40: ÍTEM | C40: DESCRIPCIÓN | O40: IMPUESTO | P40: VALOR ($)
B41: =B39+0.001 -> 4.101 | C41: Contribución Especial (Impuesto de Guerra Ley 1738 Dic 18-2014 Prórroga 4 años) | O41: 0.05 | P41: =ROUND(F7*O41,0) -> 45392741
B42: =B41+0.001 -> 4.102 | C42: ICA (Ley 14 6 Jul 1983, Res 219 25 Feb 2004) | O42: =8/1000 -> 0.008 | P42: =ROUND(F7*O42,0) -> 7262839
B43: =B42+0.001 -> 4.103 | C43: GMF (Ley 1739 23 Dic 2014 modifica el Estatuto Tributario) | O43: =(4/1000) -> 0.004 | P43: =ROUND(F7*O43,0) -> 3631419
B44: =B43+0.001 -> 4.104 | C44: Retefuente | O44: 0.02 | P44: =ROUND(F7*O44,0) -> 18157096
B45: =B43+0.002 -> 4.105 | C45: Estampilla Unipedagógica (Dec 584 de 19 Dic 2014) | O45: 0.005 | P45: =ROUND(F7*O45,0) -> 4539274
B46: =B44+0.002 -> 4.106 | C46: Impuesto Timbre (Decreto 175 de 2025) | O46: 0.01 | P46: =ROUND(F7*O46,0) -> 9078548
B47: SUBTOTAL IMPUESTOS | P47: =SUM(P41:P46) -> 88061917
B49: =B39+0.1 -> 4.2 | C49: GARANTIAS
B50: ÍTEM | C50: DESCRIPCIÓN | L50: VR. BASE | N50: % ASEGURADO | O50: TASA ASEGURADORA | P50: VALOR ($)
B51: =B49+0.001 -> 4.201 | C51: GARANTÍA ÚNICA | F51: Cumplimiento | L51: =+F7 -> 907854815 | N51: 0.2 | O51: 0.004 | P51: =L51*N51*O51 -> 726283.85
B52: =B51+0.001 -> 4.202 | F52: Salarios y Prestaciones Sociales | L52: =+L51 -> 907854815 | N52: 0.1 | O52: 0.003 | P52: =L52*N52*O52 -> 272356.44
B53: =B52+0.001 -> 4.203 | F53: Estabilidad de la Obra | L53: =+L51 -> 907854815 | N53: 0.3 | O53: 0.004 | P53: =L53*N53*O53 -> 1089425.8 | V53: 400000000 | X53: =R50 -> 0
B54: =B53+0.001 -> 4.204 | C54: RESPONSABILIDAD CIVIL EXTRACONTRACTUAL | F54: Predios, labores y Operaciones- Vigencia (Decreto 1082 de 2015 Sección III) | L54: =+L52 -> 907854815 | N54: 400 | O54: 0.004 | P54: =(N54*1750000)*O54 -> 2800000
V55: =V53*T55 -> 0 | X55: =R49 -> 0
B56: SUBTOTAL GARANTÍAS | P56: =ROUND(SUM(P51:P54),0) -> 4888066
V57: =V53*T57 -> 0 | X57: =R57 -> 0
B58: TOTAL IMPUESTOS Y GARANTÍAS | P58: =(P47+P56) -> 92949983 | V58: =V53*T58 -> 0 | X58: =R58 -> 0
B59: TOTAL IMPUESTOS Y GARANTÍAS EN PORCENTAJE DEL COSTO DIRECTO | P59: =+P58/F7 -> 0.10238419 | V59: =V53*T59 -> 0 | X59: =R59 -> 0
V60: =SUM(V55:V59) -> 0 | X60: =SUM(X55:X59) -> 0
B61: A. ADMINISTRACIÓN (1 + 2 + 3) | P61: =ROUND(P35+P59,4) -> 0.2918
B62: I. IMPREVISTOS | P62: 0.01
B63: U. UTILIDAD | P63: 0.04
B65: A.I.U. (ADMINISTRACIÓN, IMPREVISTOS Y UTILIDAD) | P65: =ROUND(SUM(P61:P63),4) -> 0.3418

Sheet PGA Y SST
C2: ALCALDÍA MAYOR DE BOGOTÁ D.C.
C3: ALCALDÍA LOCAL DE BOSA
C4: ÁREA DE GESTIÓN DE DESARROLLO LOCAL DE BOSA
C5: OFICINA DE INFRAESTRUCTURA DEL FDLBOSA | M5: ALCALDÍA LOCAL DE BOSA
C6: ='[24]DATOS ENTRADA'!$B$7 -> OBJETO DE LA LICITACIÓN: | F6: CONTRATAR LA ELABORACIÓN DE LOS ESTUDIOS, DISEÑOS Y DEMÁS TRÁMITES DE APROBACIÓN A MONTO FIJO Y LAS OBRAS DE CONSTRUCCIÓN BAJO EL SISTEMA DE PRECIOS UNITARIOS FIJOS DE UN PARQUE EN LA LOCALIDAD DE BOSA
C8: PLAN DE GESTIÓN AMBIENTAL, SEGURIDAD Y SALUD EN EL TRABAJO
C9: COMPONENTE A - PERSONAL
K10: EJECUCIÓN DE OBRA | N10: 4 | O10: MESES
C11: EJECUCIÓN DE OBRAS
C12: ÍTEMS | H12: UN. | I12: CANT | J12: CATEG | K12: DEDIC H/MES | L12: TOTAL DEDIC H/PROY | M12: TARIFA | N12: F.P | O12: TOTAL ACTIVIDAD
B13: 9113 | C13: 1 | D13: PROFESIONAL AMBIENTAL Y SST | H13: MES | I13: 1 | J13: 7 | K13: 1 | L13: =I13*K13*$N$10 -> 4 | M13: =VLOOKUP(B13,'INSUMOS IDU '!$A$2:$E$2794,4,0) -> 5791000 | N13: 2.14 | O13: =ROUND((L13*M13*N13),0) -> 49570960
B14: 9113 | C14: 3 | D14: INGENIERO FORESTAL | H14: MES | I14: 1 | J14: 7 | K14: 0.1 | L14: =I14*K14*$N$10 -> 0.4 | M14: =VLOOKUP(B14,'INSUMOS IDU '!$A$2:$E$2794,4,0) -> 5791000 | N14: 2.14 | O14: =ROUND((L14*M14*N14),0) -> 4957096
H15: SUBTOTAL COMPONENTE A | O15: =SUM(O13:O14) -> 54528056
C17: COMPONTE B. EJECUCIÓN DE ACTIVIDADES CONSTRUCTIVAS
C18: ÍTEMS | G18: ESPECIFICACIÓN | H18: UN. | I18: CANTIDAD | K18: VALOR UNITARIO | N18: VALOR TOTAL
C19: B 1 | D19: MANEJO DE CAMPAMENTOS Y CENTROS DE ACOPIO
B20: 9290 | C20: 1.1 | D20: CANECAS PARA CAMPAMENTOS Y FRENTES DE OBRA | G20: =VLOOKUP(B20,'[25]INSUMOS IDU'!$D$12:$G$2845,2,0) -> CANECA PLÁSTICA NEGRA DE 55 GALONES CON TAPA PLANA. | H20: =VLOOKUP(B20,'[25]INSUMOS IDU'!$D$12:$G$2845,3,0) -> UN | I20: 1 | K20: =VLOOKUP(B20,[26]INSUMOS!$A$1:$D$2794,4,FALSE) -> 137784 | N20: =ROUND((I20*K20),0) -> 137784
H21: SUBTOTAL DEL PROGRAMA B 1 | N21: =SUM(N20:N20) -> 137784
C23: B 2 | D23: MANEJO DE MATERIALES DE CONSTRUCCIÓN
B24: 7556 | C24: 2.1 | D24: PUNTO DE ACOPIO DE MATERIALES | G24: =VLOOKUP(B24,'[25]INSUMOS IDU'!$D$12:$G$2845,2,0) -> PLASTICO NEGRO CALIBRE 6 | H24: =VLOOKUP(B24,'[25]INSUMOS IDU'!$D$12:$G$2845,3,0) -> M2 | I24: 150 | K24: =VLOOKUP(B24,[26]INSUMOS!$A$1:$D$2794,4,FALSE) -> 1671 | N24: =ROUND((I24*K24),0) -> 250650
B25: 7554 | G25: =VLOOKUP(B25,'[25]INSUMOS IDU'!$D$12:$G$2845,2,0) -> SEÑALIZACION TUBULAR COLOMBINA PLASTICA | H25: =VLOOKUP(B25,'[25]INSUMOS IDU'!$D$12:$G$2845,3,0) -> UN | I25: 10 | K25: =VLOOKUP(B25,[26]INSUMOS!$A$1:$D$2794,4,FALSE) -> 44982 | N25: =ROUND((I25*K25),0) -> 449820
B26: 7850 | G26: =VLOOKUP(B26,'[25]INSUMOS IDU'!$D$12:$G$2845,2,0) -> CINTA PARA SEÑALIZACION DE 500MT X 4" PELIGRO CALIBRE 3.5 | H26: =VLOOKUP(B26,'[25]INSUMOS IDU'!$D$12:$G$2845,3,0) -> ROLLO | I26: 4 | K26: =VLOOKUP(B26,[26]INSUMOS!$A$1:$D$2794,4,FALSE) -> 25149 | N26: =ROUND((I26*K26),0) -> 100596
H27: SUBTOTAL DEL PROGRAMA B 2 | N27: =SUM(N24:O26) -> 801066
C29: B 3 | D29: MANEJO INTEGRAL DE RESIDUOS SÓLIDOS
B30: 7556 | C30: 3.1 | D30: ACOPIO TEMPORAL DE RCD EN FRENTES DE OBRA | G30: =VLOOKUP(B30,'[25]INSUMOS IDU'!$D$12:$G$2845,2,0) -> PLASTICO NEGRO CALIBRE 6 | H30: =VLOOKUP(B30,'[25]INSUMOS IDU'!$D$12:$G$2845,3,0) -> M2 | I30: 150 | K30: =VLOOKUP(B30,[26]INSUMOS!$A$1:$D$2794,4,FALSE) -> 1671 | N30: =ROUND((I30*K30),0) -> 250650
B31: 109187 | C31: 3.2 | D31: KIT BRIGADA DE ASEO Y LIMPIEZA | G31: =VLOOKUP(B31,'INSUMOS IDRD'!A3:D14081,2,0) -> CARRETILLA METALICA LLANTA ANTIPINCHAZO | H31: =VLOOKUP(B31,'INSUMOS IDRD'!A3:D14081,3,0) -> UN | I31: 5 | K31: =VLOOKUP(B31,'INSUMOS IDRD'!A3:D14081,4,0) -> 226238 | N31: =ROUND((I31*K31),0) -> 1131190
B32: 9287 | G32: =VLOOKUP(B32,'[25]INSUMOS IDU'!$D$12:$G$2845,2,0) -> PALA REDONDA No. 2 CON CABO | H32: =VLOOKUP(B32,'[25]INSUMOS IDU'!$D$12:$G$2845,3,0) -> UN | I32: 5 | K32: =VLOOKUP(B32,[26]INSUMOS!$A$1:$D$2794,4,FALSE) -> 21317 | N32: =ROUND((I32*K32),0) -> 106585
B33: 7811 | G33: =VLOOKUP(B33,'[25]INSUMOS IDU'!$D$12:$G$2845,2,0) -> CEPILLO INDUSTRIAL DE NYLON CON CABO DE 35CM A 42CM X 9CM X 17CM | H33: =VLOOKUP(B33,'[25]INSUMOS IDU'!$D$12:$G$2845,3,0) -> UN | I33: 5 | K33: =VLOOKUP(B33,[26]INSUMOS!$A$1:$D$2794,4,FALSE) -> 15938 | N33: =ROUND((I33*K33),0) -> 79690
B34: 7813 | G34: BARRA DE 18LB CON PUNTA Y PALA 150CM X 10CM | H34: =VLOOKUP(B34,'[27]INSUMOS IDU'!$D$16:$G$3307,3,0) -> UN | I34: 5 | K34: 108900 | N34: =ROUND((I34*K34),0) -> 544500
B35: 102985 | G35: =VLOOKUP(B35,'INSUMOS IDRD'!A7:D12897,2,0) -> MARTILLO DE UÑA- 20 ONZAS MANGO EN FIBRA O CAUCHO | H35: =VLOOKUP(B35,'INSUMOS IDRD'!A7:D12897,3,0) -> UN | I35: 5 | K35: =VLOOKUP(B35,'INSUMOS IDRD'!A7:D12897,4,0) -> 36353 | N35: =ROUND((I35*K35),0) -> 181765
B36: 530 | G36: =VLOOKUP(B36,'INSUMOS IDRD'!A8:D12898,2,0) -> SERRUCHO DE 20" MANGO PLÁSTICO DIENTE DIAMANTADO | H36: =VLOOKUP(B36,'INSUMOS IDRD'!A8:D12898,3,0) -> UN | I36: 5 | K36: =VLOOKUP(B36,'INSUMOS IDRD'!A8:D12898,4,0) -> 31341.01 | N36: =ROUND((I36*K36),0) -> 156705
H37: SUBTOTAL DEL PROGRAMA B 3 | N37: =SUM(N30:O36) -> 2451085
C39: B 4 | D39: CONTROL DE EMISIONES ATMOSFERICAS
B40: 7554 | C40: 4.1 | D40: DEMARCACIÓN DEL ÁREA DE TRABAJO | G40: =VLOOKUP(B40,'[25]INSUMOS IDU'!$D$12:$G$2845,2,0) -> SEÑALIZACION TUBULAR COLOMBINA PLASTICA | H40: =VLOOKUP(B40,'[25]INSUMOS IDU'!$D$12:$G$2845,3,0) -> UN | I40: 10 | K40: =VLOOKUP(B40,[26]INSUMOS!$A$1:$D$2794,4,FALSE) -> 44982 | N40: =ROUND((I40*K40),0) -> 449820
B41: 7852 | C41: 4.2 | G41: =VLOOKUP(B41,'[25]INSUMOS IDU'!$D$12:$G$2845,2,0) -> TELA VERDE PARA CERRAMIENTO 2.10 METRO DE ANCHO DE 60GR | H41: =VLOOKUP(B41,'[25]INSUMOS IDU'!$D$12:$G$2845,3,0) -> ML | I41: 500 | K41: =VLOOKUP(B41,[26]INSUMOS!$A$1:$D$2794,4,FALSE) -> 2827 | N41: =ROUND((I41*K41),0) -> 1413500
H42: SUBTOTAL DEL PROGRAMA B 4 | N42: =SUM(N40:O41) -> 1863320
H44: SUBTOTAL COMPONENTE B | N44: =N21+N27+N37+N42 -> 5253255
C46: COMPONTE C. MANEJO DE LA VEGETACION Y PAISAJISMO
C47: ÍTEMS | G47: ESPECIFICACIÓN | H47: UN. | I47: CANTIDAD | K47: VALOR UNITARIO | N47: VALOR TOTAL
C48: C1 | D48: MANEJO DE LA VEGETACION EXISTENTE
B49: 7559 | C49: 1.1 | D49: PROTECCION DE ARBOLES | G49: =VLOOKUP(B49,'[25]INSUMOS IDU'!$D$12:$G$2845,2,0) -> TELA VERDE DE CERRAMIENTO (2.10mx250) | H49: =VLOOKUP(B49,'[25]INSUMOS IDU'!$D$12:$G$2845,3,0) -> M2 | I49: 100 | K49: =VLOOKUP(B49,[26]INSUMOS!$A$1:$D$2794,4,FALSE) -> 2672 | N49: =ROUND((I49*K49),0) -> 267200
B50: 7285 | C50: 1.2 | D50: SOPORTE MALLA | G50: =VLOOKUP(B50,'[25]INSUMOS IDU'!$D$12:$G$2845,2,0) -> VARA DE CORREDOR 6.0 M | H50: =VLOOKUP(B50,'[25]INSUMOS IDU'!$D$12:$G$2845,3,0) -> UN | I50: 10 | K50: =VLOOKUP(B50,[26]INSUMOS!$A$1:$D$2794,4,FALSE) -> 16800 | N50: =ROUND((I50*K50),0) -> 168000
H51: SUBTOTAL COMPONENTE B | N51: =SUM(N49:O50) -> 435200
C53: COMPONENTE D. GESTIÓN EN SEGURIDAD Y SALUD EN EL TRABAJO
C54: ÍTEMS | H54: UN. | I54: CANTIDAD | K54: VALOR UNITARIO | N54: VALOR TOTAL
C55: D 1 | D55: SEGURIDAD Y SALUD EN EL TRABAJO
B56: 7569 | C56: 1.01 | D56: =VLOOKUP(B56,'[25]INSUMOS IDU'!$D$12:$G$2845,2,0) -> BOTIQUIN PRIMEROS AUXILIOS CON MEDICAMENTOS DE 22CM X 27CM | H56: =VLOOKUP(B56,'[25]INSUMOS IDU'!$D$12:$G$2845,3,0) -> UN | I56: 1 | K56: =VLOOKUP(B56,[26]INSUMOS!$A$1:$D$2794,4,FALSE) -> 58501 | N56: =ROUND((I56*K56),0) -> 58501
B57: 7818 | C57: =C56+0.01 -> 1.02 | D57: =VLOOKUP(B57,'[25]INSUMOS IDU'!$D$12:$G$2845,2,0) -> CAMILLA MADERA PRIMEROS AUXILIOS INMOVILIZADOR CABEZA | H57: =VLOOKUP(B57,'[25]INSUMOS IDU'!$D$12:$G$2845,3,0) -> UN | I57: 2 | K57: =VLOOKUP(B57,[26]INSUMOS!$A$1:$D$2794,4,FALSE) -> 207247 | N57: =ROUND((I57*K57),0) -> 414494
B58: 7819 | C58: =C57+0.01 -> 1.03 | D58: =VLOOKUP(B58,'[25]INSUMOS IDU'!$D$12:$G$2845,2,0) -> EXTINTOR POLVO QUIMICO SECO DE 20LB TIPO ABC METALICO CON GANCHO Y AVISO | H58: =VLOOKUP(B58,'[25]INSUMOS IDU'!$D$12:$G$2845,3,0) -> UN | I58: 2 | K58: =VLOOKUP(B58,[26]INSUMOS!$A$1:$D$2794,4,FALSE) -> 92920 | N58: =ROUND((I58*K58),0) -> 185840
B59: 7822 | C59: =C58+0.01 -> 1.04 | D59: =VLOOKUP(B59,'[25]INSUMOS IDU'!$D$12:$G$2845,2,0) -> BOTA CUERO LISA NEGRA SEGURIDAD PUNTERA DE ACERO | H59: =VLOOKUP(B59,'[25]INSUMOS IDU'!$D$12:$G$2845,3,0) -> PAR | I59: 15 | K59: =VLOOKUP(B59,[26]INSUMOS!$A$1:$D$2794,4,FALSE) -> 70000 | N59: =ROUND((I59*K59),0) -> 1050000
B60: 7823 | C60: =C59+0.01 -> 1.05 | D60: =VLOOKUP(B60,'[25]INSUMOS IDU'!$D$12:$G$2845,2,0) -> BOTA DE CAUCHO, CINTA AMARILLA, PUNTERA Y PLANTILLA EN ACERO | H60: =VLOOKUP(B60,'[25]INSUMOS IDU'!$D$12:$G$2845,3,0) -> PAR | I60: 15 | K60: =VLOOKUP(B60,[26]INSUMOS!$A$1:$D$2794,4,FALSE) -> 130000 | N60: =ROUND((I60*K60),0) -> 1950000
B61: 7827 | C61: =C60+0.01 -> 1.06 | D61: =VLOOKUP(B61,'[25]INSUMOS IDU'!$D$12:$G$2845,2,0) -> PROTECTOR AUDITIVO TIPO TAPON INSERCION EN SILICONA CON CORDEL EN ESTUCHE | H61: =VLOOKUP(B61,'[25]INSUMOS IDU'!$D$12:$G$2845,3,0) -> PAR | I61: 16 | K61: =VLOOKUP(B61,[26]INSUMOS!$A$1:$D$2794,4,FALSE) -> 2618 | N61: =ROUND((I61*K61),0) -> 41888
B62: 7583 | C62: =C61+0.01 -> 1.07 | D62: =VLOOKUP(B62,'[25]INSUMOS IDU'!$D$12:$G$2845,2,0) -> PROTECTOR AUDITIVO TIPO COPA | H62: =VLOOKUP(B62,'[25]INSUMOS IDU'!$D$12:$G$2845,3,0) -> UN | I62: 16 | K62: =VLOOKUP(B62,[26]INSUMOS!$A$1:$D$2794,4,FALSE) -> 29750 | N62: =ROUND((I62*K62),0) -> 476000
B63: 7825 | C63: =C62+0.01 -> 1.08 | D63: =VLOOKUP(B63,'[25]INSUMOS IDU'!$D$12:$G$2845,2,0) -> MASCARILLA DESECHABLE CONTRA POLVOS Y PARTICULAS NO TOXICAS | H63: =VLOOKUP(B63,'[25]INSUMOS IDU'!$D$12:$G$2845,3,0) -> UN | I63: 100 | K63: =VLOOKUP(B63,[26]INSUMOS!$A$1:$D$2794,4,FALSE) -> 4379 | N63: =ROUND((I63*K63),0) -> 437900
B64: 7851 | C64: =C63+0.01 -> 1.09 | D64: =VLOOKUP(B64,'[25]INSUMOS IDU'!$D$12:$G$2845,2,0) -> RESPIRADOR PARA GASES DOBLE SIN CARTUCHO | H64: =VLOOKUP(B64,'[25]INSUMOS IDU'!$D$12:$G$2845,3,0) -> UN | I64: 5 | K64: =VLOOKUP(B64,[26]INSUMOS!$A$1:$D$2794,4,FALSE) -> 68900 | N64: =ROUND((I64*K64),0) -> 344500
B65: 9289 | C65: =C64+0.01 -> 1.1 | D65: =VLOOKUP(B65,'[25]INSUMOS IDU'!$D$12:$G$2845,2,0) -> FILTRO CONTRA POLVO PARA RESPIRADORES | H65: =VLOOKUP(B65,'[25]INSUMOS IDU'!$D$12:$G$2845,3,0) -> UN | I65: 30 | K65: =VLOOKUP(B65,[26]INSUMOS!$A$1:$D$2794,4,FALSE) -> 12350 | N65: =ROUND((I65*K65),0) -> 370500
B66: 7580 | C66: =C65+0.01 -> 1.11 | D66: =VLOOKUP(B66,'[25]INSUMOS IDU'!$D$12:$G$2845,2,0) -> CASCO DE SEGURIDAD DIELECTRICO | H66: =VLOOKUP(B66,'[25]INSUMOS IDU'!$D$12:$G$2845,3,0) -> UN | I66: 16 | K66: =VLOOKUP(B66,[26]INSUMOS!$A$1:$D$2794,4,FALSE) -> 24000 | N66: =ROUND((I66*K66),0) -> 384000
B67: 7832 | C67: =C66+0.01 -> 1.12 | D67: =VLOOKUP(B67,'[25]INSUMOS IDU'!$D$12:$G$2845,2,0) -> BARBUQUEJO EN REATA CON MENTONERA CON TRES APOYOS PARA CASCO | H67: =VLOOKUP(B67,'[25]INSUMOS IDU'!$D$12:$G$2845,3,0) -> UN | I67: 16 | K67: =VLOOKUP(B67,[26]INSUMOS!$A$1:$D$2794,4,FALSE) -> 6000 | N67: =ROUND((I67*K67),0) -> 96000
B68: 7577 | C68: =C67+0.01 -> 1.13 | D68: =VLOOKUP(B68,'[25]INSUMOS IDU'!$D$12:$G$2845,2,0) -> GAFAS DE SEGURIDAD | H68: =VLOOKUP(B68,'[25]INSUMOS IDU'!$D$12:$G$2845,3,0) -> UN | I68: 16 | K68: =VLOOKUP(B68,[26]INSUMOS!$A$1:$D$2794,4,FALSE) -> 7735 | N68: =ROUND((I68*K68),0) -> 123760
... B74: 7844 | C74: =C73+0.01 -> 1.19 | D74: =VLOOKUP(B74,'[25]INSUMOS IDU'!$D$12:$G$2845,2,0) -> GUANTE NITRILO 13" RESISTENTE CONTRA QUIMICOS COMBUSTIBLES SOLVENTES GRASAS | H74: =VLOOKUP(B74,'[25]INSUMOS IDU'!$D$12:$G$2845,3,0) -> PAR | I74: 25 | K74: =VLOOKUP(B74,[26]INSUMOS!$A$1:$D$2794,4,FALSE) -> 10591 | N74: =ROUND((I74*K74),0) -> 264775
D75: EXÁMENES OCUPACIONALES
B76: 7904 | C76: =C74+0.01 -> 1.2 | D76: =VLOOKUP(B76,'[25]INSUMOS IDU'!$D$12:$G$2845,2,0) -> EXÁMEN MÉDICO OCUPACIONAL DE INGRESO O RETIRO | H76: =VLOOKUP(B76,'[25]INSUMOS IDU'!$D$12:$G$2845,3,0) -> UN | I76: 20 | K76: =VLOOKUP(B76,[26]INSUMOS!$A$1:$D$2794,4,FALSE) -> 30000 | N76: =ROUND((I76*K76),0) -> 600000
B77: 7906 | C77: =C76+0.01 -> 1.21 | D77: =VLOOKUP(B77,'[25]INSUMOS IDU'!$D$12:$G$2845,2,0) -> EXAMEN DE AUDIOMETRÍA DE INGRESO O EGRESO | H77: =VLOOKUP(B77,'[25]INSUMOS IDU'!$D$12:$G$2845,3,0) -> UN | I77: 20 | K77: =VLOOKUP(B77,[26]INSUMOS!$A$1:$D$2794,4,FALSE) -> 25000 | N77: =ROUND((I77*K77),0) -> 500000
B78: 7908 | C78: =C77+0.01 -> 1.22 | D78: =VLOOKUP(B78,'[25]INSUMOS IDU'!$D$12:$G$2845,2,0) -> EXAMEN DE OPTOMETRÍA DE INGRESO O EGRESO | H78: =VLOOKUP(B78,'[25]INSUMOS IDU'!$D$12:$G$2845,3,0) -> UN | I78: 20 | K78: =VLOOKUP(B78,[26]INSUMOS!$A$1:$D$2794,4,FALSE) -> 25600 | N78: =ROUND((I78*K78),0) -> 512000
B79: 7910 | C79: =C78+0.01 -> 1.23 | D79: =VLOOKUP(B79,'[25]INSUMOS IDU'!$D$12:$G$2845,2,0) -> EXAMEN DE ESPIROMETRÍA DE INGRESO O EGRESO | H79: =VLOOKUP(B79,'[25]INSUMOS IDU'!$D$12:$G$2845,3,0) -> UN | I79: 20 | K79: =VLOOKUP(B79,[26]INSUMOS!$A$1:$D$2794,4,FALSE) -> 30000 | N79: =ROUND((I79*K79),0) -> 600000
H80: SUBTOTAL COMPONENTE D | N80: =SUM(N56:O79) -> 11135928
C83: Nota: Los costos de elementos de protección y de exámenes médicos ocupacionales para los cargos relacionados con las actividades de estructuras metálicas (Montadores, Soldadores y Pintores) están incluidos en el costo de kilogramo de acero de estructura,
C85: COMPONENTE E. PROGRAMA DE SEÑALIZACIÓN DE SEGURIDAD
C86: ÍTEMS | G86: ESPECIFICACIÓN | H86: UN. | I86: CANTIDAD | K86: VALOR UNITARIO | N86: VALOR TOTAL
C87: E 1 | D87: MANEJO SEÑALIZACIÓN FRENTE DE OBRA
B88: 7554 | C88: 1.1 | D88: SEÑALIZACIÓN INTERNA DE EXCAVACIONES, POZOS, VACÍOS | G88: =VLOOKUP(B88,[28]INSUMOS!$D$9:$G$2957,2,FALSE) -> SEÑALIZACION TUBULAR COLOMBINA PLASTICA | H88: =VLOOKUP(B88,[28]INSUMOS!$D$9:$G$2957,3,FALSE) -> UN | I88: 10 | K88: =VLOOKUP(B88,[26]INSUMOS!$A$1:$D$2794,4,FALSE) -> 44982 | N88: =ROUND((I88*K88),0) -> 449820
B89: 7850 | G89: =VLOOKUP(B89,[28]INSUMOS!$D$9:$G$2957,2,FALSE) -> CINTA PARA SEÑALIZACION DE 500MT X 4" PELIGRO CALIBRE 3.5 | H89: =VLOOKUP(B89,[28]INSUMOS!$D$9:$G$2957,3,FALSE) -> ROLLO | I89: 4 | K89: =VLOOKUP(B89,[26]INSUMOS!$A$1:$D$2794,4,FALSE) -> 25149 | N89: =ROUND((I89*K89),0) -> 100596
B90: 9985 | C90: 1.2 | D90: SEÑALES DE CAMPAMENTO Y FRENTES DE OBRA | G90: =VLOOKUP(B90,[28]INSUMOS!$D$9:$G$2957,2,FALSE) -> SEÑAL EN POLIESTIRENO (30cm x 20cm) FOTOLUMINISCENTE - NORMA NTC - ISO | H90: =VLOOKUP(B90,[28]INSUMOS!$D$9:$G$2957,3,FALSE) -> UN | I90: 5 | K90: =VLOOKUP(B90,[26]INSUMOS!$A$1:$D$2794,4,FALSE) -> 68425 | N90: =ROUND((I90*K90),0) -> 342125
B91: 9986 | G91: =VLOOKUP(B91,[28]INSUMOS!$D$9:$G$2957,2,FALSE) -> SEÑAL EN POLIESTRIENO (30cm x 45cm) REFLECTIVO GRADO INGENIERÍA - NORMA ISO | H91: =VLOOKUP(B91,[28]INSUMOS!$D$9:$G$2957,3,FALSE) -> UN | I91: 5 | K91: =VLOOKUP(B91,[26]INSUMOS!$A$1:$D$2794,4,FALSE) -> 90797 | N91: =ROUND((I91*K91),0) -> 453985
H92: SUBTOTAL COMPONENTE E | N92: =SUM(N88:O91) -> 1346526
C95: SUBTOTAL COMPONENTES A+B+C+D+E | N95: =O15+N51+N44+N80+N92 -> 72698965
C96: A.I.U. | M96: ='AIU PGA-SST'!M37 -> 0.14761234 | N96: =ROUND((N95*M96),0) -> 10731265
C97: VALOR GLOBAL AMBIENTAL CON AIU : TOTAL COMPONENTES A+B+C+D+E | N97: =N95+N96 -> 83430230
C99: NOTA: EN LOS ITEMS MARCADOS CON ** EL VALOR TOTAL SE OBTIENE DE MULTIPLICAR LA CANTIDAD POR EL NUMERO DE MESES DE EJECUCION DE OBRA Y POR EL VALOR UNITARIO.
O101: =N97/'ITEMS OBRA'!H124 -> 0.16686046 | P101: =O101*100 -> 16.686046

Sheet AIU PGA-SST
A1: ALCALDÍA MAYOR DE BOGOTÁ | H1: ALCALDÍA LOCAL DE BOSA
A2: ALCALDÍA LOCAL DE BOSA
A3: AREA DE GESTIÓN DE DESARROLLO LOCAL DE BOSA
A4: INFRAESTRUCTURA - FDLBOSA
A5: OBJETO DE LA LICITACIÓN | D5: CONTRATAR LA ELABORACIÓN DE LOS ESTUDIOS, DISEÑOS Y DEMÁS TRÁMITES DE APROBACIÓN A MONTO FIJO Y LAS OBRAS DE CONSTRUCCIÓN BAJO EL SISTEMA DE PRECIOS UNITARIOS FIJOS DE UN PARQUE EN LA LOCALIDAD DE BOSA
A7: MATRIZ PARA EL CALCULO DE AIU PLAN DE GESTIÓN AMBIENTAL, SEGURIDAD Y SALUD EN EL TRABAJO
A8: SUBTOTAL COMPONENTES A+B+C+D+E | D8: ='PGA Y SST'!N95 -> 72698965 | G8: FECHA | I8: =TODAY() -> 46141
A9: TERMINO ESTIMADO PARA EJECUCIÓN DE CONTRATO | D9: 4 | E9: MESES | G9: CONTRATO No.
A11: 3. IMPUESTOS Y GARANTÍAS
A12: 3.1 | B12: IMPUESTOS
A13: ÍTEM | B13: DESCRIPCIÓN | J13: IMPUESTO | K13: VALOR ($)
A14: =A12+0.001 -> 3.101 | B14: Contribución Especial (Impuesto de Guerra Ley 1738 Dic 18-2014 Prórroga 4 años) | J14: 0.05 | K14: =ROUND($D$8*J14,0) -> 3634948
A15: =A14+0.001 -> 3.102 | B15: ICA (Ley 14 6 Jul 1983, Res 219 25 Feb 2004) | J15: 0.0069 | K15: =ROUND($D$8*J15,0) -> 501623
A16: =A15+0.001 -> 3.103 | B16: GMF (Ley 1739 23 Dic 2014 modifica el Estatuto Tributario) | J16: 0.004 | K16: =ROUND($D$8*J16,0) -> 290796
A17: =A16+0.001 -> 3.104 | B17: Retefuente | J17: 0.02 | K17: =ROUND($D$8*J17,0) -> 1453979
A18: =A17+0.001 -> 3.105 | B18: Estampilla Unipedagógica (Dec 584 de 19 Dic 2014) | J18: 0.005 | K18: =ROUND($D$8*J18,0) -> 363495
A19: =A18+0.001 -> 3.106 | B19: Impuesto Timbre (Decreto 175 de 2025) | J19: 0.01 | K19: =ROUND($D$8*J19,0) -> 726990
A20: SUBTOTAL IMPUESTOS | K20: =SUM(K14:K19) -> 6971831
A22: 3.2 | B22: GARANTÍAS
A23: ÍTEM | B23: DESCRIPCIÓN | G23: VR. BASE | H23: % ASEGURADO | I23: VIGENCIA AMPARO (MESES) | J23: TASA ASEGURADA | K23: VALOR ($) | Q23: ='AIU OBRA'!V53 -> 400000000 | S23: ='AIU OBRA'!X53 -> 0
A24: =A22+0.001 -> 3.201 | B24: Cumplimiento | D24: GARANTÍA ÚNICA | G24: =+D8 -> 72698965 | H24: 0.2 | I24: 5 | J24: 0.004 | K24: =(((((G24*H24)*J24)/12)*I24)+2500)*1.19 -> 31812.256 | M24: ='ITEMS OBRA'!H128 -> 83430230
A25: =A24+0.001 -> 3.202 | B25: Salarios y Prestaciones Sociales | G25: =+G24 -> 72698965 | H25: 0.1 | I25: 5 | J25: 0.003 | K25: =(((((G25*H25)*J25)/12)*I25)+2500)*1.19 -> 13788.971 | O25: 0.9355012 | Q25: 3.7420048e+08 | S25: ='AIU OBRA'!X55 -> 0
A26: =A25+0.001 -> 3.203 | B26: Estabilidad de Obra | G26: =+G25 -> 72698965 | H26: 0.3 | I26: 5 | J26: 0.004 | K26: =(((((G26*H26)*J26)/12)*I26)+2500)*1.19 -> 46230.884
A27: =A26+0.001 -> 3.204 | B27: Predios, labores y Operaciones - Vigencia (Decreto 1082 de 2015 Sección III) | D27: RESPONSABILIDAD CIVIL EXTRACONTRACTUAL | G27: =Q27 -> 14963783 | H27: 400 SMMLV | I27: 5 | J27: 0.004 | K27: =(((((G27*J27)/12)*I27)+2500)*1.19) -> 32653.169 | O27: 0.037409455 | Q27: 14963783 | S27: ='AIU OBRA'!X57 -> 0
A28: SUBTOTAL GARANTÍAS | K28: =SUM(K24:K27) -> 124485.28 | O28: 0.018758035 | Q28: 7503214.2 | S28: ='AIU OBRA'!X58 -> 0
O29: 0.0083313134 | Q29: 3332525.4 | S29: ='AIU OBRA'!X59 -> 0
A30: TOTAL IMPUESTOS Y GARANTÍAS | K30: =K20+K28 -> 7096316.3 | O30: 1 | Q30: 400000000 | S30: ='AIU OBRA'!X60 -> 0
A31: TOTAL IMPUESTOS Y GARANTÍAS EN PORCENTAJE DEL COSTO DIRECTO | K31: =K30/D8 -> 0.097612343
A33: A. ADMINISTRACIÓN (1+2+3) | K33: =K31 -> 0.097612343
A34: I. IMPREVISTOS | K34: 0.01
A35: U. UTILIDAD | K35: 0.04
A37: A.I.U. (ADMINISTRACIÓN, IMPREVISTOS Y UTILIDAD) | K37: =SUM(K33:K35) -> 0.14761234 | M37: =K37 -> 0.14761234

Sheet PGS
C5: ALCALDÍA MAYOR DE BOGOTÁ
C6: ALCALDÍA LOCAL DE BOSA
C7: ÁREA DE GESTIÓN DE DESARROLLO LOCAL DE BOSA
C8: OFICINA DE INFRAESTRUCTURA DEL FDLBOSA | K8: ALCALDÍA LOCAL DE BOSA
C9: ='[29]D. ENTRADA'!B7 -> OBJETO DE LA LICITACIÓN: | E9: CONTRATAR LA ELABORACIÓN DE LOS ESTUDIOS, DISEÑOS Y DEMÁS TRÁMITES DE APROBACIÓN A MONTO FIJO Y LAS OBRAS DE CONSTRUCCIÓN BAJO EL SISTEMA DE PRECIOS UNITARIOS FIJOS DE UN PARQUE EN LA LOCALIDAD DE BOSA
H10: EJECUCIÓN DE OBRA | K10: 4 | L10: MESES
C11: CONTROL DE INVERSIÓN GESTIÓN SOCIAL PARA OBRAS
C12: COMPONENTE | E12: CATEGORIA | F12: Valor Unitario | G12: FP | H12: Cantidad | I12: Dedicación H/Mes | J12: Plazo (Meses) | K12: Dedicación Total (Meses) | L12: Subtotal
C13: Componente A. Personal Profesional de Gestión Social
B14: 9113 | C14: A.1 | D14: Residente Social | E14: 5 | F14: =VLOOKUP(B14,'INSUMOS IDU '!$A$2:$E$2794,4,0) -> 5791000 | G14: 2.14 | H14: 1 | I14: 0.7 | J14: 7 | K14: =H14*I14*J14 -> 4.9 | L14: =ROUND((F14*G14*K14),0) -> 60724426
K15: Subtotal Componente Personal Profesional | L15: =SUM(L14:L14) -> 60724426
C17: Componente B. Plan de Gestión Social
C18: COMPONENTE | F18: Unidad | G18: Valor Unitario | J18: Cantidad Obra | L18: Subtotal
C19: B.2 | D19: Programa de Divulgación al Ciudadano
B20: 7897 | C20: B.2.1 | D20: =VLOOKUP(B20,'[25]INSUMOS IDU'!$D$12:$G$2845,2,0) -> AFICHE TAMAÑO MEDIO PLIEGO A 4X0 TINTAS EN PROPALCOTE DE 115 GR. | F20: =VLOOKUP(B20,[28]INSUMOS!$D$9:$G$2957,3,FALSE) -> UN | G20: =VLOOKUP(B20,[26]INSUMOS!$A$1:$D$2794,4,FALSE) -> 1322 | J20: 80 | L20: 70703.692
B21: 7898 | C21: B.2.2 | D21: =VLOOKUP(B21,'[25]INSUMOS IDU'!$D$12:$G$2845,2,0) -> PLEGABLES DE SOSTENIBILIDAD EN TRES CUERPOS TAMAÑO CARTA A 4X4 TINTAS EN PROPALCOTE. | F21: =VLOOKUP(B21,[28]INSUMOS!$D$9:$G$2957,3,FALSE) -> UN | G21: =VLOOKUP(B21,[26]INSUMOS!$A$1:$D$2794,4,FALSE) -> 500 | J21: 300 | L21: =ROUND((G21*J21),0) -> 150000
B22: 7896 | C22: B.2.3 | D22: =VLOOKUP(B22,'[25]INSUMOS IDU'!$D$12:$G$2845,2,0) -> IMPRESIÓN HOJA CARTA, A 1X0 TINTAS EN PAPEL BOND DE 75 GR. | F22: =VLOOKUP(B22,[28]INSUMOS!$D$9:$G$2957,3,FALSE) -> UN | G22: =VLOOKUP(B22,[26]INSUMOS!$A$1:$D$2794,4,FALSE) -> 120 | J22: 300 | L22: =ROUND((G22*J22),0) -> 36000
K23: Subtotal Programa de Divulgación al Ciudadano | L23: =SUM(L20:L22) -> 256703.69
C25: B.3 | D25: Programa de Atención al Ciudadano
C26: COMPONENTE | E26: Unidad | F26: Valor Unitario | G26: Cantidad | I26: Dedicación Mes | J26: Plazo (Meses) | K26: Dedicación Total (Meses) | L26: Subtotal
C27: B.3.1 | D27: Adecuación del Punto CREA - Atención al Ciudadano
B28: 9409 | C28: B.3.1.2 | D28: =VLOOKUP(B28,'INSUMOS IDU '!$A$2:$D$2794,2,0) -> SILLA ESCRITORIO GIRATORIA CON BRAZOS | E28: =VLOOKUP(B28,'INSUMOS IDU '!$A$2:$D$2794,3,0) -> UN | F28: =VLOOKUP(B28,'INSUMOS IDU '!$A$2:$D$2794,4,0) -> 191249 | G28: 1 | I28: 0.5 | J28: =$K$10 -> 4 | K28: =G28*I28*J28 -> 2 | L28: =ROUND((F28*J28*K28),0) -> 1529992
B29: 9408 | C29: B.3.1.3 | D29: =VLOOKUP(B29,'INSUMOS IDU '!$A$2:$D$2794,2,0) -> PUESTO DE TRABAJO - ESCRITORIO 75x120x50 | E29: =VLOOKUP(B29,'INSUMOS IDU '!$A$2:$D$2794,3,0) -> UN | F29: =VLOOKUP(B29,'INSUMOS IDU '!$A$2:$D$2794,4,0) -> 211607 | G29: 1 | I29: 0.5 | J29: =$K$10 -> 4 | K29: =G29*I29*J29 -> 2 | L29: =ROUND((F29*J29*K29),0) -> 1692856
B30: 9414 | C30: B.3.1.4 | D30: =VLOOKUP(B30,'INSUMOS IDU '!$A$2:$D$2794,2,0) -> SILLA PLÁSTICA SIN BRAZOS | E30: =VLOOKUP(B30,'INSUMOS IDU '!$A$2:$D$2794,3,0) -> UN | F30: =VLOOKUP(B30,'INSUMOS IDU '!$A$2:$D$2794,4,0) -> 36607 | G30: 15 | I30: 0.1 | J30: =$K$10 -> 4 | K30: =G30*I30*J30 -> 6 | L30: =ROUND((F30*J30*K30),0) -> 878568
B31: 9724 | C31: B.3.1.5 | D31: =VLOOKUP(B31,'INSUMOS IDU '!$A$2:$D$2794,2,0) -> PORTÁTILES - Procesador minimo: intel, Core i3 4005U, celeron o similar, Memoria RAM de 4 GB(2x2048 MB) Disco duro de 500gb a 7200 rpm Pantalla LED HP BrightView widescreen alta definición con 35,6 cm | E31: =VLOOKUP(B31,'INSUMOS IDU '!$A$2:$D$2794,3,0) -> UN/MES | F31: =VLOOKUP(B31,'INSUMOS IDU '!$A$2:$D$2794,4,0) -> 124818 | G31: 1 | I31: 1 | J31: 4 | K31: 4 | L31: =ROUND((F31*K31*G31),0) -> 499272
B32: 9835 | C32: B.3.1.9 | D32: =VLOOKUP(B32,'[25]INSUMOS IDU'!$D$12:$G$2845,2,0) -> TARIFA MES - SERVICIO TELEFONIA LOCAL ILIMITADA E INTERNET ILIMITADO VELOCIDAD PROMEDIO (80-500 MB) ESTRATO 3 | E32: =VLOOKUP(B32,'[25]INSUMOS IDU'!$D$12:$G$2845,3,0) -> MES | F32: =VLOOKUP(B32,[26]INSUMOS!$A$1:$D$2794,4,FALSE) -> 74320 | G32: 1 | I32: 1 | J32: =$K$10 -> 4 | K32: =I32*J32 -> 4 | L32: =ROUND((F32*G32*K32),0) -> 297280
K33: Subtotal Programa de Atención al Ciudadano | L33: =SUM(L28:L32) -> 4897968
D35: SUBTOTAL COSTO DE PERSONAL PARA EL PLAN DE GESTIÓN SOCIAL | L35: =L15 -> 60724426
D36: SUBTOTAL COSTOS DE SUBPROGRAMAS DE PLAN DE GESTIÓN SOCIAL | L36: =L23+L33 -> 5154671.7
D38: SUBTOTAL COSTO DEL PLAN DE GESTIÓN SOCIAL | L38: =L35+L36 -> 65879098
D40: AIU | K40: ='AIU PGS'!N39 -> 0.14744693 | L40: =L38*K40 -> 9713670.9
D42: TOTAL COSTO DEL PLAN DE GESTIÓN SOCIAL | L42: =ROUND((L38+L40),0) -> 75592769
L43: =L42/'ITEMS OBRA'!H124 -> 0.15118554 | M43: =L43*100 -> 15.118554

Sheet AIU PGS
B2: ALCALDÍA MAYOR DE BOGOTÁ
B3: ALCALDÍA LOCAL DE BOSA
B4: ÁREA DE GESTIÓN DE DESARROLLO LOCAL BOSA
B5: INFRAESTRUCTURA FDLBOSA | J5: ALCALDÍA LOCAL DE CIUDAD BOLÍVAR
B6: OBJETO DE LA LICITACIÓN: | D6: CONTRATAR LA ELABORACIÓN DE LOS ESTUDIOS, DISEÑOS Y DEMÁS TRÁMITES DE APROBACIÓN A MONTO FIJO Y LAS OBRAS DE CONSTRUCCIÓN BAJO EL SISTEMA DE PRECIOS UNITARIOS FIJOS DE UN PARQUE EN LA LOCALIDAD DE BOSA
B8: MATRIZ PARA CÁLCULO DE AIU PLAN DE GESTIÓN SOCIAL
B9: SUBTOTAL COMPONENTES A+B+C+D+E | E9: =PGS!L38 -> 65879098 | I9: FECHA: | J9: =TODAY() -> 46141
B10: TERMINO ESTIMADO DE EJECUCIÓN DE OBRA | E10: 4 | F10: MESES | I10: CONTRATO No.
B12: 3. IMPUESTOS Y GARANTÍAS
B13: 3.1 | C13: IMPUESTOS
B14: ÍTEM | C14: DESCRIPCIÓN | J14: IMPUESTO | L14: VALOR ($)
B15: =B13+0.001 -> 3.101 | C15: Contribución Especial (Impuesto de Guerra Ley 1738 Dic 18-2014 Prórroga 4 años) | J15: 0.05 | L15: =ROUND($E$9*J15,0) -> 3293955
B16: =B15+0.001 -> 3.102 | C16: ICA (Ley 14 6 Jul 1983, Res 219 25 Feb 2004) | J16: =6.9/1000 -> 0.0069 | L16: =ROUND($E$9*J16,0) -> 454566
B17: =B16+0.001 -> 3.103 | C17: GMF (Ley 1739 23 Dic 2014 modifica el Estatuto Tributario) | J17: =(4/1000) -> 0.004 | L17: =ROUND($E$9*J17,0) -> 263516
B18: =B17+0.001 -> 3.104 | C18: Retefuente | J18: 0.02 | L18: =ROUND($E$9*J18,0) -> 1317582
B19: =B17+0.002 -> 3.105 | C19: Estampilla Unipedagógica (Dec 584 de 19 Dic 2014) | J19: 0.005 | L19: =ROUND($E$9*J19,0) -> 329395
B20: =B18+0.002 -> 3.106 | C20: Impuesto Timbre (Decreto 175 de 2025) | J20: 0.01 | L20: =ROUND($E$9*J20,0) -> 658791
C21: SUBTOTAL IMPUESTOS | L21: =SUM(L15:L20) -> 6317805
B23: =B13+0.1 -> 3.2 | C23: GARANTIAS
B24: ÍTEM | C24: DESCRIPCIÓN | E24: VR. BASE | G24: % ASEGURADO | I24: VIGENCIA AMPARO (MESES) | J24: TASA ASEGURADORA | L24: VALOR ($)
B25: =B23+0.001 -> 3.201 | C25: Cumplimiento | D25: GARANTÍA ÚNICA | E25: =+E9 -> 65879098 | G25: 0.2 | I25: 5 | J25: 0.004 | L25: =(((((E25*G25)*J25)/12)*I25)+2500)*1.19 -> 29107.042 | N25: =PGS!L42 -> 75592769
B26: =B25+0.001 -> 3.202 | C26: Salarios y Prestaciones Sociales | E26: =+E9 -> 65879098 | G26: 0.1 | I26: 5 | J26: 0.003 | L26: =(((((E26*G26)*J26)/12)*I26)+2500)*1.19 -> 12774.516
B27: =B26+0.001 -> 3.203 | C27: Estabilidad de la Obra | E27: =+E26 -> 65879098 | G27: 0.3 | I27: 5 | J27: 0.004 | L27: =(((((E27*G27)*J27)/12)*I27)+2500)*1.19 -> 42173.063
B28: =B27+0.001 -> 3.204 | C28: Predios, labores y Operaciones- Vigencia (Decreto 1082 de 2015 Sección III) | D28: RESPONSABILIDAD CIVIL EXTRACONTRACTUAL | E28: =R34 -> 7503214.2 | G28: 400 SMMLV | I28: 5 | J28: 0.004 | L28: =((((E28*J28)/12)*I28)+2500)*1.19 -> 17856.375
R29: 400000000 | T29: ='AIU OBRA'!X53 -> 0
C30: SUBTOTAL GARANTÍAS | L30: =ROUND((SUM(L25:L28)),0) -> 101911
P31: 0.9355012 | R31: 3.7420048e+08 | T31: ='AIU OBRA'!X55 -> 0
C32: TOTAL IMPUESTOS Y GARANTÍAS | L32: =L21+L30 -> 6419716
C33: TOTAL IMPUESTOS Y GARANTÍAS EN PORCENTAJE DEL COSTO DIRECTO | L33: =L32/E9 -> 0.097446933 | P33: 0.037409455 | R33: 14963783 | T33: ='AIU OBRA'!X57 -> 0
P34: 0.018758035 | R34: 7503214.2 | T34: ='AIU OBRA'!X58 -> 0
C35: A. ADMINISTRACIÓN (1 + 2 + 3) | L35: =L33 -> 0.097446933 | P35: 0.0083313134 | R35: 3332525.4 | T35: ='AIU OBRA'!X59 -> 0
C36: I. IMPREVISTOS | L36: ='[28]AIU OBRA'!M67 -> 0.01 | P36: 1 | R36: 400000000 | T36: =SUM(T31:T35) -> 0
C37: U. UTILIDAD | L37: 0.04
C39: A.I.U. (ADMINISTRACIÓN, IMPREVISTOS Y UTILIDAD) | L39: =SUM(L35:L37) -> 0.14744693 | N39: =L39 -> 0.14744693
C42: NOTA: | D42: LA EDICIÓN DE LAS FÓRMULAS COMPROMETE LA RESPONSABILIDAD DEL USUARIO DE LA MATRIZ.

Sheet PMT
C2: ALCALDÍA MAYOR DE BOGOTÁ
C3: ALCALDÍA LOCAL DE BOSA
C4: ÁREA DE GESTIÓN DE DESARROLLO LOCAL DE BOSA
C5: OFICINA DE INFRAESTRUCTURA | L5: ALCALDÍA LOCAL DE BOSA
C6: OBJETO DE LA LICITACIÓN: | E6: CONTRATAR LA ELABORACIÓN DE LOS ESTUDIOS, DISEÑOS Y DEMÁS TRÁMITES DE APROBACIÓN A MONTO FIJO Y LAS OBRAS DE CONSTRUCCIÓN BAJO EL SISTEMA DE PRECIOS UNITARIOS FIJOS DE UN PARQUE EN LA LOCALIDAD DE BOSA
C8: CONTROL DE INVERSIÓN PLAN DE MANEJO DE TRÁNSITO
E10: PLAZO: | G10: 4 | H10: MESES
C12: No. | D12: DESCRIPCIÓN | E12: TIEMPO | G12: CAT | H12: VALOR UNITARIO (MENSUAL) | I12: F.P. | J12: Dedicación H/Mes | K12: Plazo (Meses) | L12: Dedicación Total (Meses) | M12: VR TOTAL
E13: Und | F13: Cant
C14: 1 | D14: PERSONAL
D15: PERSONAL PROFESIONAL
B16: 9113 | C16: 1.1 | D16: =VLOOKUP(B16,'[25]INSUMOS IDU'!$D$12:$G$2845,2,0) -> TARIFA MES - PROFESIONAL CATEGORÍA 7 (NO INCLUYE FACTOR DE PRESTACIONES) | E16: MES | F16: 0 | G16: 7 | H16: 0 | I16: 2.14 | J16: 0 | K16: 4 | L16: =F16*J16*K16 -> 0 | M16: =ROUND((H16*I16*L16),0) -> 0
D18: PALETERO
B19: =[28]TABLAS!A32 -> 9455 | C19: 1.4 | D19: =VLOOKUP(B19,'[25]INSUMOS IDU'!$D$12:$G$2845,2,0) -> TARIFA MES - PERSONAL DE OBRA - AYUDANTE (NO INCLUYE FACTOR DE PRESTACIONES) | E19: MES | F19: 1 | H19: =VLOOKUP(B19,'INSUMOS IDU '!$A$2:$D$2794,4,0) -> 1750905 | I19: 2.14 | J19: 0.5 | K19: 4 | L19: =F19*J19*K19 -> 2 | M19: =ROUND((H19*I19*L19),0) -> 7493873
L20: SUBTOTAL COSTOS PERSONAL | M20: =SUM(M16:M19) -> 7493873
C21: 2 | D21: OTROS
B22: 9724 | C22: 2.2 | D22: =VLOOKUP(B22,'INSUMOS IDU '!$A$2:$D$2794,2,0) -> PORTÁTILES - Procesador minimo: intel, Core i3 4005U, celeron o similar, Memoria RAM de 4 GB(2x2048 MB) Disco duro de 500gb a 7200 rpm Pantalla LED HP BrightView widescreen alta definición con 35,6 cm | E22: =VLOOKUP(B22,'INSUMOS IDU '!$A$2:$D$2794,3,0) -> UN/MES | F22: 1 | H22: =VLOOKUP(B22,'INSUMOS IDU '!$A$2:$D$2794,4,0) -> 124818 | J22: 1 | K22: 4 | L22: =F22*J22*K22 -> 4 | M22: =ROUND((L22*H22),0) -> 499272
D23: SEÑALIZACION TEMPORAL
B24: 10636 | C24: 2.3 | D24: =VLOOKUP(B24,'INSUMOS IDU '!$A$2:$D$2794,2,0) -> SEÑAL VERTICAL GRUPO I (60X60CM) CON PLAQUETA. INCLUYE POSTE. SUMINISTRO E INSTALACIÓN | E24: =VLOOKUP(B24,'INSUMOS IDU '!$A$2:$D$2794,3,0) -> UN | F24: 1 | H24: =VLOOKUP(B24,'INSUMOS IDU '!$A$2:$D$2794,4,0) -> 559968 | J24: 1 | K24: 4 | L24: =F24*J24*K24 -> 4 | M24: =ROUND((L24*H24),0) -> 2239872
B25: 13428 | C25: 2.3 | D25: =VLOOKUP(B25,'INSUMOS IDU '!$A$2:$D$2794,2,0) -> PASACALLE EN BANNER 13 ONZAS MATE, DE 7.00m x 1.00m, INCLUYE UN PALO DE 1,20m DE LARGO EN CADA EXTREMO. | E25: =VLOOKUP(B25,'INSUMOS IDU '!$A$2:$D$2794,3,0) -> UN | F25: 1 | H25: =VLOOKUP(B25,'INSUMOS IDU '!$A$2:$D$2794,4,0) -> 343700 | J25: 1 | K25: 4 | L25: =F25*J25*K25 -> 4 | M25: =ROUND((L25*H25),0) -> 1374800
B26: 9169 | C26: 2.3 | D26: =VLOOKUP(B26,'INSUMOS IDU '!$A$2:$D$2794,2,0) -> PALETA PARE-SIGA REGLAMENTADA | E26: =VLOOKUP(B26,'INSUMOS IDU '!$A$2:$D$2794,3,0) -> UN | F26: 1 | H26: =VLOOKUP(B26,'INSUMOS IDU '!$A$2:$D$2794,4,0) -> 32503 | J26: 1 | K26: 4 | L26: =F26*J26*K26 -> 4 | M26: =ROUND((L26*H26),0) -> 130012
L27: SUBTOTAL OTROS COSTOS DIRECTOS | M27: =SUM(M22:M26) -> 4243956
H29: SUB TOTAL | M29: =M20+M27 -> 11737829
H30: A.I.U | L30: ='AIU PMT'!N39 -> 0.1573 | M30: =ROUND((M29*L30),0) -> 1846361
H31: VALOR TOTAL | M31: =M29+M30 -> 13584190
M32: =M31/'ITEMS OBRA'!H124 -> 0.02716838 | N32: =M32*100 -> 2.716838

Sheet AIU PMT
B2: ALCALDÍA MAYOR DE BOGOTÁ
B3: ALCALDÍA LOCAL DE BOSA
B4: ÁREA DE GESTIÓN DE DESARROLLO LOCAL DE BOSA
B5: INFRAESTRUCTURA FDLBOSA | J5: ALCALDÍA LOCAL DE BOSA
B6: OBJETO DE LA LICITACIÓN: | D6: ='RESUMEN PPTO'!B6 -> CONTRATAR LA ELABORACIÓN DE LOS ESTUDIOS, DISEÑOS Y DEMÁS TRÁMITES DE APROBACIÓN A MONTO FIJO Y LAS OBRAS DE CONSTRUCCIÓN BAJO EL SISTEMA DE PRECIOS UNITARIOS FIJOS DE UN PARQUE EN LA LOCALIDAD DE BOSA
B8: MATRIZ PARA CÁLCULO DE AIU PLAN DE MANEJO DE TRÁNSITO
B9: SUBTOTAL COMPONENTES A+B+C+D+E | E9: =PMT!M29 -> 11737829 | I9: FECHA: | J9: =TODAY() -> 46141
B10: TERMINO ESTIMADO DE EJECUCIÓN DE OBRA | E10: 7 | F10: MESES | I10: CONTRATO No.
B12: 3. IMPUESTOS Y GARANTÍAS
B13: 3.1 | C13: IMPUESTOS
B14: ÍTEM | C14: DESCRIPCIÓN | J14: IMPUESTO | L14: VALOR ($)
B15: =B13+0.001 -> 3.101 | C15: Contribución Especial (Impuesto de Guerra Ley 1738 Dic 18-2014 Prórroga 4 años) | J15: 0.05 | L15: =ROUND($E$9*J15,0) -> 586891
B16: =B15+0.001 -> 3.102 | C16: ICA (Ley 14 6 Jul 1983, Res 219 25 Feb 2004) | J16: =6.9/1000 -> 0.0069 | L16: =ROUND($E$9*J16,0) -> 80991
B17: =B16+0.001 -> 3.103 | C17: GMF (Ley 1739 23 Dic 2014 modifica el Estatuto Tributario) | J17: =(4/1000) -> 0.004 | L17: =ROUND($E$9*J17,0) -> 46951
B18: =B17+0.001 -> 3.104 | C18: Retefuente | J18: 0.02 | L18: =ROUND($E$9*J18,0) -> 234757
B19: =B17+0.001 -> 3.104 | C19: Estampilla Unipedagógica (Dec 584 de 19 Dic 2014) | J19: 0.005 | L19: =ROUND($E$9*J19,0) -> 58689
B20: =B18+0.001 -> 3.105 | C20: Impuesto Timbre (Decreto 175 de 2025) | J20: 0.01 | L20: =ROUND($E$9*J20,0) -> 117378
C21: SUBTOTAL IMPUESTOS | L21: =SUM(L15:L20) -> 1125657
B23: =B13+0.1 -> 3.2 | C23: GARANTIAS
B24: ÍTEM | C24: DESCRIPCIÓN | E24: VR. BASE | G24: % ASEGURADO | I24: VIGENCIA AMPARO (MESES) | J24: TASA ASEGURADORA | L24: VALOR ($) | R24: 400000000 | T24: ='AIU OBRA'!X53 -> 0
B25: =B23+0.001 -> 3.201 | C25: Cumplimiento | D25: GARANTÍA ÚNICA | E25: =+E9 -> 11737829 | G25: 0.2 | I25: 8 | J25: 0.004 | L25: =(((((E25*G25)*J25)/12)*I25)+2500)*1.19 -> 10424.609 | N25: =PMT!M31 -> 13584190
B26: =B25+0.001 -> 3.202 | C26: Salarios y Prestaciones Sociales | E26: =+E25 -> 11737829 | G26: 0.1 | I26: 43 | J26: 0.003 | L26: =(((((E26*G26)*J26)/12)*I26)+2500)*1.19 -> 17990.618 | P26: 0.9355012 | R26: 3.7420048e+08 | T26: ='AIU OBRA'!X55 -> 0
B27: =B26+0.001 -> 3.203 | C27: Estabilidad de la Obra | E27: =+E26 -> 11737829 | G27: 0.3 | I27: 60 | J27: 0.004 | L27: =(((((E27*G27)*J27)/12)*I27)+2500)*1.19 -> 86783.099
B28: =B27+0.001 -> 3.204 | C28: Predios, labores y Operaciones- Vigencia (Decreto 1082 de 2015 Sección III) | D28: RESPONSABILIDAD CIVIL EXTRACONTRACTUAL | E28: =R30 -> 3332525.4 | G28: 400 SMMLV | I28: 8 | J28: 0.004 | L28: =((((E28*J28)/12)*I28)+2500)*1.19 -> 13550.214 | P28: 0.037409455 | R28: 14963783 | T28: ='AIU OBRA'!X57 -> 0
P29: 0.018758035 | R29: 7503214.2 | T29: ='AIU OBRA'!X58 -> 0
C30: SUBTOTAL GARANTÍAS | L30: =ROUND((SUM(L25:L28)),0) -> 128749 | P30: 0.0083313134 | R30: 3332525.4 | T30: ='AIU OBRA'!X59 -> 0
P31: 1 | R31: 400000000 | T31: =SUM(T26:T30) -> 0
C32: TOTAL IMPUESTOS Y GARANTÍAS | L32: =L21+L30 -> 1254406
C33: TOTAL IMPUESTOS Y GARANTÍAS EN PORCENTAJE DEL COSTO DIRECTO | L33: =L32/E9 -> 0.10686866
C35: A. ADMINISTRACIÓN (1 + 2 + 3) | L35: =L33 -> 0.10686866
C36: I. IMPREVISTOS | L36: ='[28]AIU OBRA'!M67 -> 0.01
C37: U. UTILIDAD | L37: 0.04
C39: A.I.U. (ADMINISTRACIÓN, IMPREVISTOS Y UTILIDAD) | L39: =ROUND(SUM(L35:L37),4) -> 0.1569 | N39: 0.1573
C42: NOTA: | D42: LA EDICIÓN DE LAS FÓRMULAS COMPROMETE LA RESPONSABILIDAD DEL USUARIO DE LA MATRIZ.
